 Dungeon Crawl Stone Soup version 0.13-a0-2700-g8dc4729 (webtiles) character file.

9724265 ReeallyStein the Gargoyle Barricade (level 27, 201/201 HPs)
             Began as a Gargoyle Fighter on Aug 10, 2013.
             Was the Champion of the Shining One.
             Escaped with the Orb
             ... and 15 runes on Aug 15, 2013!
             The game lasted 1day 03:13:04 (176664 turns).

ReeallyStein the Gargoyle Barricade (GrFi)     Turns: 176664, Time: 1, 03:13:04

HP 201/201       AC 80     Str 31      XL: 27
MP  46/46        EV 11     Int 15 (16) God: the Shining One [******]
Gold 16636       SH 59     Dex 10      Spells: 15 memorised, 19 levels left

Res.Fire  : + + +   See Invis. : .   S - +8,+9 Blessed Scourge
Res.Cold  : + + .   Warding    : .   i - +13 crystal plate armour "Imeym" {rF+ Str+ Life Prot.: + + + Conserve : + N - +3 large shield {rC+}
Res.Poison: +       Res.Corr.  : +   J - +2 wizard hat {Int+3}
Res.Elec. : +       Clarity    : .   m - +2 cloak {rCorr, Cons} (curse)
Sust.Abil.: + .     Spirit.Shd : .   H - +2 pair of gloves of Marbles {rC+ rN+ MR+}
Res.Mut.  : +       Stasis     : .   o - +2 pair of boots {Stlth+}
Res.Rott. : +       Flight     : +   u - amulet of resist mutation
Saprovore : . . .                    x - ring of sustain abilities
                                     k - cursed ring of the Octopus King {rF+ AC+1

@: flying, glowing, quick, extremely resistant to hostile enchantments,
extremely unstealthy
A: large and strong wings, fangs 1, talons 2, fire resistance 1, life protection
1, electricity resistance, slow metabolism 1, unbreathing, petrification
resistance, AC +20, Str -1
a: Stop Flying, Divine Shield, Cleansing Flame, Summon Divine Warrior, Renounce
Religion
}: 15/15 runes: decaying, slimy, silver, golden, iron, obsidian, icy, bone,
abyssal, demonic, glowing, magical, fiery, dark, gossamer


You escaped.
You worshipped the Shining One. the Shining One was exalted by your worship.
You were very full.

You visited 18 branches of the dungeon, and saw 107 of its levels.
You visited Pandemonium 3 times, and saw 29 of its levels.
You visited the Abyss 10 times.
You also visited: Trove and Wizlab.

You collected 20512 gold pieces.
You spent 3896 gold pieces at shops.

Inventory:

Hand weapons
 c - the +4,+4 Staff of Dispater
   (You took it off Dispater on level 7 of the Iron City of Dis)

   The Shining One opposes the use of such an evil item.
 Q - the +6,+6 Sword of Cerebov {flame}
   (You took it off Cerebov in Pandemonium)

   It emits flame when wielded, causing extra injury to most foes and up to
   double damage against particularly susceptible opponents.
   Big, fiery blades are also staple armaments of hydra-hunters.
   The Shining One opposes the use of such an evil item.
 S - a +8,+9 Blessed Scourge (weapon)
Armour
 i - the +13 crystal plate armour "Imeym" (worn) {rF+ Str+1 Dam+6}
   (You acquired it on level 1 of the Abyss)

   It affects your strength (+1).
   It affects your damage-dealing abilities (+6).
   It protects you from fire.
 m - a cursed +2 cloak of preservation (worn)
 o - a +2 pair of boots of stealth (worn)
 H - the +2 pair of gloves of Marbles (worn) {rC+ rN+ MR+}
   (You acquired it on level 5 of the Abyss)

   It protects you from cold.
   It protects you from negative energy.
   It affects your resistance to hostile enchantments.
 J - a +2 wizard hat of intelligence (worn)
 N - a +3 large shield of cold resistance (worn)
Magical devices
 h - a wand of teleportation (5)
 j - a wand of disintegration (13)
 v - a wand of heal wounds (9)
 y - a wand of hasting (8)
 F - a wand of digging (11)
 G - a wand of heal wounds (9)
Comestibles
 I - 10 bread rations
Scrolls
 n - 2 scrolls of enchant weapon II
 p - 10 scrolls of remove curse
 t - 11 scrolls of identify
 K - 3 scrolls of recharging
 M - a scroll of teleportation
 O - 2 scrolls of blinking
 P - 3 scrolls of fog
 R - a scroll of vulnerability
Jewellery
 d - the cursed ring of Xicsyth {MR Str+3 Dex+3}
   (You took it off an orc sorcerer on level 4 of the Abyss)

   [ring of protection from magic]

   It affects your strength (+3).
   It affects your dexterity (+3).
   It has a curse placed upon it.
 g - an uncursed ring of protection from cold
 k - a cursed ring of the Octopus King (left hand) {rF+ AC+1 EV+1 Str+1 Dex+1 Int+1}
   (You found it in a treasure trove)

   [ring of protection from fire]

   It affects your AC (+1).
   It affects your evasion (+1).
   It affects your strength (+1).
   It affects your intelligence (+1).
   It affects your dexterity (+1).
   It has a curse placed upon it.
 s - a cursed ring of teleportation
 u - an amulet of resist mutation (around neck)
 w - a cursed amulet of stasis
 x - a ring of sustain abilities (right hand)
 L - an uncursed ring of protection from fire
 Y - an uncursed amulet of stasis
 Z - the cursed amulet of the Four Winds {Clar rN+ MR++}
   (You found it on level 3 of the Tomb of the Ancients)

   [amulet of clarity]

   It protects you from negative energy.
   It affects your resistance to hostile enchantments.
   It has a curse placed upon it.
Potions
 b - 4 potions of might
 e - 17 potions of curing
 r - a potion of resistance
 B - 11 potions of restore abilities
 C - 4 potions of cure mutation
 D - 6 potions of speed
 E - 2 potions of heal wounds
Orbs of Power
 X - the Orb of Zot
Miscellaneous
 a - a phial of floods
 f - a lamp of fire
 l - a lamp of fire
 q - a phial of floods
 z - a phial of floods
 A - a phial of floods
 T - a lamp of fire
 U - a lamp of fire
 V - a phial of floods
 W - a phial of floods


   Skills:
 O Level 27 Fighting
 O Level 27 Maces & Flails
 O Level 27 Armour
 + Level 17.0 Dodging
 O Level 27 Shields
 - Level 20.2 Spellcasting
 - Level 14.0 Hexes
 - Level 18.0 Charms
 - Level 22.9 Translocations
 - Level 9.0 Air Magic
 - Level 10.1 Earth Magic
 O Level 27 Invocations
 - Level 10.5 Evocations


You had 19 spell levels left.
You knew the following spells:

 Your Spells              Type           Power        Failure   Level  Hunger
a - Swiftness             Chrm/Air       ######....   1%          2    None
b - Blink                 Tloc           N/A          0%          2    None
c - Repel Missiles        Chrm/Air       ######....   1%          2    None
d - Haste                 Chrm           ######..     1%          6    #####..
e - Spectral Weapon       Hex/Chrm       ######..     1%          3    None
f - Song of Slaying       Chrm           ######....   0%          2    None
g - Song of Shielding     Chrm           ######..     1%          4    None
h - Apportation           Tloc           ######....   0%          1    None
i - Corona                Hex            ######.      1%          1    None
j - Silence               Hex/Air        #####.....   4%          5    ##.....
k - Controlled Blink      Tloc           N/A          1%          7    ######.
l - Control Teleport      Chrm/Tloc      ######....   1%          4    None
m - Recall                Summ/Tloc      N/A          1%          3    None
n - Dig                   Erth           #####...     2%          4    None
o - Summon Butterflies    Summ           ###.....     17%         1    None


Dungeon Overview and Level Annotations

Branches:
Dungeon (27/27)            Temple (1/1) D:4             Orc (4/4) D:8
    Elf (3/3) Orc:4          Lair (8/8) D:9           Swamp (5/5) Lair:6
 Spider (5/5) Lair:3        Slime (6/6) Lair:7       Vaults (5/5) D:16
  Blade (1/1) Vaults:4      Crypt (5/5) Vaults:3       Tomb (3/3) Crypt:3
    Dis (7/7) Hell            Geh (7/7) Hell            Coc (7/7) Hell
    Tar (7/7) Hell            Zot (5/5) D:27

Altars:
Ashenzari
Cheibriados
Elyvilon
Fedhas
Kikubaaqudgha
Makhleb
Nemelex Xobeh
Okawaru
Sif Muna
Trog
Vehumet
Xom
Yredelemnul
Zin
the Shining One
Beogh
Jiyva

Shops:
D:4: ? D:6: ! D:7: % D:8: ( D:13: * D:16: [ D:23: % D:26: +(!( Orc:1: * Orc:2: [ Orc:3: ? Orc:4: /*}} Elf:1: + Elf:2: [ Vaults:1: * Vaults:3: /

Portals:
Hell: D:21 D:22 D:23 D:24 D:25 D:26 D:27
Abyss: D:22 D:25
Pandemonium: D:21 D:23 D:24 D:26 D:27

Annotations
D:20 EW3
D:25 ew3
Elf:3 acquirement
Lair:8 exclusion: oklob plant
Swamp:1 exclusion: downstairs
Vaults:1 exclusion: Roxanne, Roxanne
Crypt:4 Mennas
Zot:5 1 exclusion


Innate Abilities, Weirdness & Mutations

You are resistant to torment.
You are immune to poison.
You can fly continuously.
Your stone body is very resilient (AC +20).
Your wings are large and strong.
You have very sharp teeth.
You have razor-sharp toenails.
You resist negative energy.
You are resistant to electric shocks.
You have a slow metabolism.
You can survive without breathing.
You are immune to petrification.
Your flesh is heat resistant.
You are weak (Str -1).


Message History

Evoke which item? (* to show all) (? for menu, Esc to quit)
Zapping:
F - a wand of digging (12)
Press: ? - help, Shift-Dir - straight line The rock shatters into small pieces.
This wand has 11 charges left.
There is an escape hatch in the ceiling here.
You fly upwards.
The hatch slams shut behind you.
You sense a powerful magical force warping space.
A blue devil comes into view.
There is a stone staircase leading up here.
You fly upwards.
You sense a powerful magical force warping space.
You start to feel a little slower.
There is a stone staircase leading down here.
Casting: Swiftness
Confirm with . or Enter, or press ? or * to list all spells.
You feel quick.
You see here 2 steel darts.
There is an open gate here.
There is a staircase leading out of the dungeon here.
You have escaped!

# #.# #.#............ #
#.######......##...##. ###
#........###..##...... ..#
###.###..# #........#. #.####
###..##..###..##.##.#. .....#
#####.......[..).###.##.#. #.##.#
#.....#######..### #......
#.##.###.....#.....#...# ####...
#............#..@..#...# ####
####.###.....#.....#...####### #
.....##......#.....#.........####
.....##..#.#.##'''##....####.....
....###.......................##.
...........).....................
..............#...............##.
....#.##..#.########....####..##.
....#.##....# ##.....[....###


There were no monsters in sight!

Vanquished Creatures
  Antaeus (Coc:7)
  Asmodeus (Geh:7)
  the royal jelly (Slime:6)
  Ereshkigal (Tar:7)
  Mnoleg (Pan)
  Dispater (Dis:7)
  2 orbs of fire (Zot:5)
  Lom Lobon (Pan)
  Khufu (Crypt:5)
  10 ancient liches
  11 greater mummies
  the Serpent of Hell (Coc:7)
  Sojobo (D:22)
  Saint Roka (Vaults:5)
  Norris (Swamp:2)
  2 Killer Klowns (Zot:5)
  Mara (D:23)
  Geryon (Hell)
  Margery (D:25)
  A curse toe (Zot:3)
  49 bone dragons
  Xtahua (Crypt:2)
  Frederick (Vaults:3)
  2 electric golems
  8 profane servitors
  11 Brimstone Fiends
  Nikola (D:14)
  7 pandemonium lords (Pan)
  2 hellephants
  16 Hell Sentinels
  10 Ice Fiends
  16 tentacled monstrosities
  20 Orb Guardians (Zot:5)
  30 liches
  18 acid blobs
  2 quicksilver dragons (Dis:7)
  10 storm dragons
  2 deep elf blademasters (Elf:3)
  3 golden dragons
  12 tengu reavers
  26 Executioners
  13 Shadow Fiends
  8 titans
  7 shadow dragons
  2 deep elf master archers (Elf:3)
  The ghost of n0Tf4Ir the Impaler, a mighty MiDK of Yredelemnul (D:21)
  A daeva (Abyss:4)
  9 ancient champions
  Rupert (Elf:3)
  4 sphinxes
  Agnes (D:16)
  2 draconian monks
  3 revenants
  A sphinx (shapeshifter) (Vaults:4)
  7 draconian knights
  172 tentacled starspawn
  2 iron dragons (Dis:7)
  Donald (Crypt:3)
  Wiglaf (D:23)
  Maud (Lair:3)
  Frances (Vaults:1)
  18 fire giants
  Kirke (Spider:1)
  14 frost giants
  9 azure jellies
  5 curse skulls
  12 draconian scorchers
  Gastronok (Lair:2)
  34 balrugs
  Aizul (Swamp:2)
  The ghost of Dirian the Impaler, a powerful MiFi of Makhleb (Lair:8)
  16 cacodemons
  Jorgrun (D:23)
  10 draconian annihilators
  5 draconian zealots
  3 draconian shifters
  4 ghost moths
  2 ice statues (WizLab)
  5 deep elf sorcerers
  51 reapers
  5 draconian callers
  4 green draconians
  An orc warlord (D:26)
  12 eidola
  10 elemental wellsprings
  19 green deaths
  3 deep elf demonologists (Elf:3)
  27 blizzard demons
  4 vampire knights
  4 deep elf annihilators
  Azrael (Vaults:3)
  4 black draconians
  16 lorocyprocas
  8 vault wardens
  6 dire elephants (Lair:8)
  8 white draconians
  10 purple draconians
  10 red draconians
  4 unborn
  2 pale draconians
  Louise (Swamp:2)
  7 grey draconians
  5 emperor scorpions
  8 mottled draconians
  10 mummy priests
  4 yellow draconians
  10 ettins
  48 yaktaur captains
  11 dragons
  21 jiangshi
  49 stone giants
  4 death cobs
  10 death oozes
  7 deep elf death magi
  Josephine (D:11)
  16 hydras
  27 vault guards
  Harold (Orc:3)
  Nessos (D:11)
  5 ravenous item mimics
  4 anacondas
  Snorg (D:14)
  14 great orbs of eyes
  24 dancing weapons
  13 ogre magi
  2 deep elf high priests (Elf:3)
  A ravenous feature mimic (Crypt:2)
  A spectral fire giant (Tomb:2)
  2 spectral stone giants (Crypt:5)
  Erica (Orc:2)
  17 ice dragons
  8 vampire magi
  32 soul eaters
  7 deep dwarf death knights
  10 ironheart preservers
  A fire crab (shapeshifter) (D:24)
  13 alligators
  123 wretched stars
  10 deep troll earth magi
  6 naga warriors
  62 sun demons
  17 rakshasas
  A titan zombie (Crypt:1)
  115 thrashing horrors
  2 catoblepae
  5 death yaks (Lair:7)
  36 centaur warriors
  28 hell hogs
  A storm dragon zombie (D:22)
  Nergalle (D:11)
  8 orc high priests
  37 hell knights
  6 iron trolls
  11 deep elf knights
  10 iron golems
  A spectral ancient bear (Crypt:2)
  Erolcha (D:13)
  An alligator (shapeshifter) (Vaults:5)
  11 shadow demons
  24 spatial maelstroms
  4 death drakes
  24 deep trolls
  50 very ugly things
  64 skeletal warriors
  A death drake (shapeshifter) (D:27)
  21 shadow wraiths
  7 hell beasts
  4 storm dragon skeletons
  27 ice devils
  2 sea snakes (shapeshifter)
  29 flayed ghosts
  3 very ugly thing zombies
  20 unseen horrors
  22 giant orange brains
  385 large abominations
  23 hill giants
  5 shadow dragon zombies
  4 swamp dragons
  A giant orange brain (shapeshifter) (D:22)
  4 crystal golems
  3 wizards
  12 necromancers
  24 hellions
  2 deathcaps (Zot:3)
  35 wolf spiders
  18 iron dragon zombies
  28 giant amoebae
  A spectral ettin (Tomb:1)
  A draconian zombie (Zot:2)
  11 ironbrand convokers
  35 flaming corpses
  38 orc knights
  A red wasp (shapeshifter) (D:26)
  9 griffons
  A statue (Abyss:4)
  5 deep dwarf berserkers
  7 shadow dragon skeletons
  8 orc sorcerers
  13 shining eyes
  A fire giant zombie (D:20)
  8 stone giant zombies
  A sphinx skeleton (Crypt:5)
  11 deep elf conjurers
  2 hell hog zombies (Abyss:1)
  7 deep troll shamans
  38 phantasmal warriors
  A frost giant zombie (Vaults:1)
  14 cyclopes
  5 stone golems
  A wolf spider (shapeshifter) (D:22)
  55 sixfirhies
  15 red wasps
  The ghost of ReeallyStein the Basher, an experienced GrFi (D:6)
  36 apocalypse crabs
  3 iron dragon skeletons
  2 satyr zombies (Crypt:5)
  Maurice (D:12)
  13 moths of wrath
  7 black mambas
  21 harpies
  9 fire giant skeletons
  9 frost giant skeletons
  2 guardian serpents (shapeshifter)
  A feature mimic (D:17)
  A dire elephant zombie (Crypt:5)
  17 stone giant skeletons
  6 elephants
  A fire drake (shapeshifter) (D:21)
  10 spiny worms
  223 orange demons
  A death yak zombie (Crypt:3)
  23 tormentors
  3 vapours
  2 eyes of devastation
  9 guardian serpents
  9 deep elf summoners
  A satyr skeleton (Crypt:5)
  25 demonic crawlers
  A grey draconian zombie (Abyss:5)
  16 spiny frogs
  A spectral deep troll (Crypt:5)
  2 red draconian zombies
  A yellow draconian zombie (Crypt:2)
  334 smoke demons
  20 iron devils
  A moth of suppression zombie (Crypt:4)
  An ancient bear zombie (Crypt:5)
  2 naga magi (Abyss:5)
  5 komodo dragons
  7 fire drakes
  A mottled draconian zombie (Abyss:1)
  2 purple draconian skeletons
  A death yak skeleton (Crypt:4)
  10 silent spectres
  5 iron troll zombies
  A mottled draconian skeleton (Abyss:5)
  A yaktaur (shapeshifter) (D:24)
  8 deep elf priests
  4 grey draconian skeletons
  A red draconian skeleton (Abyss:2)
  A komodo dragon (shapeshifter) (D:13)
  35 efreet
  15 death drake zombies
  3 wind drakes
  2 black draconian skeletons
  A demonic crawler zombie (Abyss:5)
  5 wandering mushrooms (Zot:3)
  2 green draconian skeletons (Abyss:5)
  A pale draconian skeleton (Abyss:4)
  58 yaktaurs
  40 red devils
  316 hellwings
  3 white draconian skeletons
  A yellow draconian skeleton (Abyss:5)
  54 guardian mummies
  An ancient bear skeleton (Crypt:2)
  Sonja (D:11)
  6 trolls
  8 iron troll skeletons
  38 blue devils
  A giant leech (shapeshifter) (D:22)
  8 baby alligators
  120 ancient zymes
  A spriggan (D:9)
  9 vault sentinels
  A stone giant simulacrum (Crypt:3)
  11 death drake skeletons
  15 orb spiders
  A red wasp zombie (Vaults:1)
  8 brown oozes
  A boulder beetle (shapeshifter) (D:22)
  A minotaur skeleton (Crypt:2)
  8 basilisks
  A raven (Swamp:2)
  27 ice dragon zombies
  A spriggan (shapeshifter) (Vaults:1)
  6 ettin zombies
  6 guardian serpent zombies
  25 blink frogs
  7 giant leeches
  5 octopodes
  A griffon zombie (D:15)
  122 flying skulls
  23 two-headed ogres
  9 boulder beetles
  3 griffon skeletons
  3 dragon skeletons (Crypt:5)
  10 guardian serpent skeletons
  21 trapdoor spiders
  3 bog bodies
  52 water elementals
  47 redbacks
  2 frost giant simulacra
  8 ettin skeletons
  2 hogs (Spider:1)
  40 wraiths
  7 wyverns
  26 vampires
  11 sharks
  25 ice dragon skeletons
  126 slime creatures
  191 neqoxecs
  3 spiny worm zombies
  A brown ooze (shapeshifter) (D:14)
  27 deep elf magi
  5 metal gargoyles (Dis:7)
  A black mamba skeleton (Crypt:1)
  54 yaks
  2 elephant slugs (Lair:6)
  208 ynoxinuls
  Eustachio (D:8)
  7 air elementals
  16 chaos spawn
  A purple draconian simulacrum (Abyss:5)
  25 jumping spiders
  A merfolk (Abyss:5)
  2 swamp worm simulacra (Swamp:5)
  Grum (Orc:2)
  4 clay golems
  73 golden eyes
  A merfolk (shapeshifter) (D:27)
  46 shadows
  32 deep elf fighters
  11 hippogriffs
  25 hungry ghosts
  28 tarantellas
  6 fire elementals
  2 hill giant skeletons
  125 ugly things
  A hippogriff (shapeshifter) (Elf:3)
  51 vampire mosquitoes
  3 black draconian simulacra (Abyss:5)
  A rock worm (Lair:4)
  A dryad zombie (Crypt:5)
  30 necrophages
  Edmund (D:4)
  4 manticores
  66 swamp worms
  A minotaur simulacrum (Crypt:5)
  69 hell hounds
  22 wolves
  A mottled draconian simulacrum (Abyss:3)
  2 deep troll zombies (D:26)
  29 spatial vortices
  4 human zombies
  A red draconian simulacrum (Abyss:5)
  A rock worm (shapeshifter) (D:17)
  A soldier ant (Vaults:1)
  A spiny frog zombie (Crypt:2)
  6 porcupines
  4 deep troll skeletons
  2 yaks (shapeshifter)
  20 hydra simulacra (Swamp:5)
  4 mottled dragons
  A baby alligator zombie (Crypt:4)
  55 freezing wraiths
  13 nagas
  3 death drake simulacra (Abyss:5)
  18 sky beasts
  A deep dwarf (shapeshifter) (D:22)
  2 guardian serpent simulacra
  2 kobold demonologists (Abyss:4)
  83 orc warriors
  A baby alligator skeleton (Crypt:1)
  5 deep dwarves
  50 ogres
  A spiny frog skeleton (Crypt:1)
  9 swamp drakes
  342 small abominations
  2 tengu (Abyss:5)
  25 ice beasts
  11 giant goldfish
  4 ice dragon simulacra
  2 yellow wasps (Spider:5)
  10 phantoms
  A spectral giant slug (Crypt:1)
  A tengu (shapeshifter) (D:26)
  A fire crab zombie (Vaults:1)
  21 crocodiles
  4 boring beetles
  12 wargs
  A lindwurm skeleton (Crypt:3)
  4 apocalypse crab zombies
  22 centaurs
  10 giant slugs
  A komodo dragon zombie (Crypt:3)
  An ugly thing zombie (D:25)
  2 yaktaur zombies
  2 lava worms
  22 rotting devils
  18 water moccasins
  4 big kobolds
  A mermaid zombie (Crypt:1)
  41 brain worms
  Blork the orc (Orc:1)
  A silver statue (D:17)
  A spiny worm simulacrum (Abyss:3)
  18 giant frogs
  3 yaktaur skeletons
  14 agate snails
  A cyclops zombie (D:13)
  2 deep troll simulacra
  102 insubstantial wisps
  2 manticore zombies
  A wyvern zombie (D:12)
  3 earth elementals
  2 cyclops skeletons
  4 hell hound zombies
  2 yak zombies
  21 eyes of draining
  A troll zombie (D:7)
  7 shark zombies
  3 elf zombies (Abyss:4)
  8 giant goldfish zombies
  10 killer bees
  A grizzly bear zombie (Crypt:3)
  2 boulder beetle zombies
  2 electric eels
  44 fire bats
  21 jellyfish
  A yak skeleton (D:10)
  6 lava fish
  A pulsating lump (Abyss:4)
  2 giant goldfish skeletons
  A yellow wasp zombie (D:11)
  A wolf skeleton (Crypt:5)
  2 centaur zombies
  18 spiders
  47 wights
  69 crimson imps
  10 goliath beetles
  A water moccasin zombie (Crypt:4)
  418 starcursed masses
  A black bear zombie (Crypt:2)
  A giant frog skeleton (D:11)
  126 iron imps
  14 hounds
  A gnoll shaman (D:4)
  A centaur skeleton (D:5)
  A giant slug simulacrum (D:20)
  An octopode zombie (Abyss:5)
  14 scorpions
  12 big fish
  33 orc wizards
  A two-headed ogre skeleton (D:9)
  4 worker ants
  53 orc priests
  26 quasits
  A black bear skeleton (Crypt:1)
  8 iguanas
  8 giant goldfish simulacra
  8 sheep
  A yak simulacrum (D:11)
  A killer bee zombie (D:8)
  25 jellies
  A big kobold zombie (D:13)
  15 brain worm zombies
  An ogre zombie (D:5)
  4 sky beast zombies
  2 deep dwarf zombies
  2 mottled dragon zombies
  3 shark simulacra (Coc:7)
  5 deep dwarf skeletons
  A tengu zombie (Abyss:5)
  2 mottled dragon skeletons
  2 boggarts
  An octopode simulacrum (Abyss:1)
  3 hound skeletons
  5 tengu skeletons
  8 brain worm simulacra
  29 mummies
  45 green rats
  102 lemures
  A sky beast simulacrum (Abyss:5)
  2 big fish zombies
  11 gnolls
  A worker ant zombie (D:9)
  5 giant centipedes
  A kobold zombie (Abyss:4)
  48 shadow imps
  A big fish skeleton (Coc:1)
  An inept feature mimic (D:2)
  25 adders
  2 deep dwarf simulacra
  A goliath beetle zombie (D:11)
  5 giant mites
  111 white imps
  15 worms
  707 ufetubi
  A big fish simulacrum (Coc:1)
  2 orc zombies
  A sheep skeleton (Crypt:2)
  A giant centipede zombie (D:15)
  A halfling zombie (Crypt:1)
  2 iguana skeletons
  17 giant eyeballs
  8 giant geckos
  7 oozes
  203 orcs
  A bat skeleton (Crypt:1)
  7 giant cockroaches
  A green rat zombie (Crypt:4)
  14 hobgoblins
  A human (shapeshifter) (D:15)
  10 orange rats
  7 quokkas
  4 training dummies (D:5)
  A ball python (D:4)
  38 bats
  5 giant newts
  4 giant spores
  26 goblins
  2 hobgoblin skeletons (D:4)
  A hobgoblin zombie (D:6)
  34 illusory rakshasas
  22 jackals
  38 kobolds
  8 lurking horrors
  2 orc skeletons
  36 rats
  A rat skeleton (Crypt:2)
  A rat zombie (D:7)
  3 spectral orcs (D:11)
  10 ballistomycetes
  12 butterflies
  2 fungi
  6 plants
  42 starspawn tentacles
  A starspawn tentacle segment (Abyss:1)
10138 creatures vanquished.

Vanquished Creatures (collateral kills)
  Cerebov (Pan)
  Gloorx Vloq (Pan)
  A pandemonium lord (Pan)
  23 greater mummies
  2 bone dragons
  A Brimstone Fiend (Geh:7)
  A Hell Sentinel (Abyss:2)
  2 liches (Abyss:1)
  2 Ice Fiends
  An Orb Guardian (Zot:5)
  An acid blob (Slime:6)
  2 Executioners
  A sphinx (Tomb:1)
  A storm dragon (Vaults:5)
  A draconian knight (Abyss:2)
  7 tentacled starspawn
  A balrug (Pan)
  A draconian annihilator (Pan)
  7 reapers
  A lorocyproca (Abyss:1)
  2 grey draconians
  A black draconian (Abyss:4)
  A green death (Dis:7)
  A blizzard demon (Abyss:5)
  A deep elf annihilator (Pan)
  15 mummy priests
  A spectral frost giant (Tomb:1)
  A deep dwarf death knight (Abyss:5)
  3 hell hogs
  A rakshasa (Abyss:5)
  12 wretched stars
  19 thrashing horrors
  3 soul eaters
  4 very ugly things
  2 sun demons (Pan)
  An iron golem (Abyss:5)
  A skeletal warrior (Dis:7)
  An ice devil (Abyss:5)
  3 shadow wraiths
  2 unseen horrors (Abyss:3)
  A shadow demon (Abyss:5)
  A hell knight (Hell)
  32 large abominations
  3 giant orange brains
  3 wizards
  A death drake (Abyss:5)
  A hellion (Geh:7)
  A flaming corpse (Abyss:5)
  A red wasp (D:25)
  An orc sorcerer (Abyss:4)
  A deep dwarf berserker (Abyss:5)
  A stone golem (Abyss:5)
  5 sixfirhies
  A guardian serpent (Abyss:3)
  2 water elementals (Abyss:3)
  19 smoke demons
  22 orange demons
  A black draconian zombie (Abyss:4)
  A tormentor (Pan)
  A black draconian skeleton (Abyss:3)
  An iron devil (Dis:7)
  3 blue devils
  21 hellwings
  10 ancient zymes
  41 guardian mummies
  An orb spider (Abyss:5)
  3 red devils
  An efreet (Abyss:5)
  An iron troll skeleton (Tomb:1)
  2 ettin zombies (Tomb:1)
  2 boulder beetles (Abyss:5)
  19 flying skulls
  3 vampires
  3 shadows
  An ice dragon skeleton (Coc:7)
  2 guardian serpent skeletons (Abyss:5)
  10 ynoxinuls
  A chaos spawn (Abyss:5)
  5 neqoxecs
  A spiny worm zombie (Abyss:5)
  A deep elf fighter (D:22)
  A hungry ghost (Abyss:4)
  A spatial vortex (Abyss:1)
  A hell hound (Abyss:3)
  5 freezing wraiths
  A naga (Abyss:5)
  28 small abominations
  2 orc warriors (Vaults:5)
  A sky beast (Abyss:5)
  An elf zombie (Abyss:4)
  2 brain worms (Abyss:3)
  An eye of draining (Abyss:3)
  10 insubstantial wisps
  2 wights
  2 giant goldfish zombies (Coc:7)
  6 crimson imps
  19 starcursed masses
  An orc priest (Vaults:5)
  An orc wizard (Vaults:5)
  9 iron imps
  An orange rat (Abyss:4)
  3 brain worm zombies
  A jelly (Abyss:5)
  A deep dwarf skeleton (Abyss:5)
  A tengu skeleton (Abyss:5)
  12 mummies
  A kobold zombie (Abyss:4)
  10 lemures
  5 white imps
  82 ufetubi
  2 orcs (Vaults:5)
  5 illusory rakshasas
  15 butterflies (Abyss:4)
  11 starspawn tentacles
608 creatures vanquished.

Vanquished Creatures (others)
  7 daevas
  A fire giant (Geh:7)
  A draconian scorcher (Zot:1)
  A draconian zealot (Abyss:5)
  7 angels
  A starcursed mass (Abyss:3)
  A siren (Abyss:3)
  A thrashing horror (Abyss:5)
  3 large abominations
  2 giant orange brains (Abyss:5)
  2 unseen horrors (Tar:7)
  A deep elf knight (Elf:1)
  A harpy (Vaults:1)
  A phantasmal warrior (Crypt:4)
  A sixfirhy (Abyss:5)
  A smoke demon (Abyss:5)
  15 water elementals
  4 orange demons (Abyss:5)
  2 hellwings
  6 fire elementals
  7 orb spiders
  A guardian mummy (Tomb:2)
  A jumping spider (Spider:4)
  3 air elementals
  2 trapdoor spiders
  A boulder beetle (Abyss:5)
  2 ynoxinuls
  A golden eye (Abyss:5)
  4 neqoxecs
  13 lost souls
  An orc warrior (Crypt:5)
  3 small abominations (Abyss:5)
  4 earth elementals
  A sky beast (Abyss:5)
  2 rotting devils
  A brain worm (Abyss:1)
  An eye of draining (D:12)
  A quasit (Pan)
  2 iron imps (Abyss:5)
  2 spiders
  A big fish (Elf:3)
  2 orc wizards
  3 mummies
  2 lemures
  3 shadow imps
  5 white imps
  9 ufetubi
  2 orcs
  A hobgoblin (Orc:3)
  9 giant spores
  15 lurking horrors
  4 ballistomycetes
  7 fungi
  16 plants
  329 starspawn tentacles
  929 starspawn tentacle segments
1449 creatures vanquished.

Grand Total: 12195 creatures vanquished

Notes
Turn   | Place    | Note
--------------------------------------------------------------
     0 | D:1      | ReeallyStein, the Gargoyle Fighter, began the quest for the Orb.
     0 | D:1      | Reached XP level 1. HP: 14/14 MP: 0/0
    61 | D:1      | Reached XP level 2. HP: 17/19 MP: 1/1
   424 | D:1      | Reached skill level 4 in Shields
   460 | D:1      | Reached XP level 3. HP: 21/24 MP: 2/2
   910 | D:2      | Reached XP level 4. HP: 28/28 MP: 3/3
  1289 | D:2      | Found an iron altar of Okawaru.
  1601 | D:3      | Reached XP level 5. HP: 20/33 MP: 4/4
  2260 | D:4      | Found a staircase to the Ecumenical Temple.
  2327 | Temple   | Entered the Ecumenical Temple
  2555 | D:4      | Reached skill level 5 in Maces & Flails
  2782 | D:3      | Reached skill level 5 in Shields
  3024 | D:2      | Became a worshipper of Warmaster Okawaru
  3160 | D:3      | Reached XP level 6. HP: 26/38 MP: 5/5
  3332 | D:4      | Found Preal's Magic Scroll Emporium.
  3570 | D:4      | Bought a scroll of enchant weapon I for 55 gold pieces
  3570 | D:4      | Bought a scroll of blinking for 55 gold pieces
  3570 | D:4      | Bought a scroll of identify for 20 gold pieces
  3570 | D:4      | Bought a scroll of enchant armour for 55 gold pieces
  3570 | D:4      | Bought a scroll of teleportation for 30 gold pieces
  3733 | D:4      | Noticed Edmund
  3755 | D:4      | Killed Edmund
  3755 | D:4      | Reached skill level 6 in Maces & Flails
  3755 | D:4      | Reached XP level 7. HP: 33/42 MP: 6/6
  4089 | D:5      | Entered Level 5 of the Dungeon
  4277 | D:5      | Reached skill level 7 in Maces & Flails
  4306 | D:5      | Acquired Okawaru's first power
  4407 | D:5      | Reached XP level 8. HP: 48/48 MP: 7/7
  4434 | D:5      | Reached skill level 8 in Maces & Flails
  4758 | D:5      | Found an iron altar of Okawaru.
  5755 | D:6      | Reached skill level 9 in Maces & Flails
  5764 | D:6      | Found a white marble altar of Elyvilon.
  5778 | D:6      | Noticed ReeallyStein's ghost (experienced GrFi)
  5786 | D:6      | Killed ReeallyStein's ghost
  5814 | D:6      | Reached skill level 10 in Maces & Flails
  5814 | D:6      | Reached XP level 9. HP: 52/52 MP: 8/8
  6192 | D:6      | Found a blossoming altar of Fedhas.
  6256 | D:6      | Found Taerug's Distillery.
  6284 | D:6      | Bought a potion of heal wounds for 30 gold pieces
  6591 | D:7      | Found Guymuo's Food Shop.
  6730 | D:7      | Reached skill level 11 in Maces & Flails
  6936 | D:7      | Got a steaming silver ring
  7237 | D:8      | Found a staircase to the Orcish Mines.
  7379 | D:8      | Found a roughly hewn altar of Beogh.
  7560 | D:8      | Found Smaatt's Antique Weapon Emporium.
  7582 | D:8      | Bought a runed flail for 73 gold pieces
  7720 | D:8      | Noticed Eustachio
  7738 | D:8      | Killed Eustachio
  7738 | D:8      | Reached XP level 10. HP: 57/57 MP: 7/9
  7897 | D:8      | Reached skill level 12 in Maces & Flails
  7897 | D:8      | Reached skill level 5 in Armour
  8673 | D:9      | Found a staircase to the Lair.
  8956 | D:9      | Got a brightly glowing platinum ring
  8958 | D:9      | Identified the ring "Plog" {rF+ rN+} (You found it on level 7 of the Dungeon)
  8958 | D:9      | Identified the ring "Akuidaj" {Hunger- +Inv rPois rN+ Acc+2} (You found it on level 9 of the Dungeon)
  9429 | Lair:1   | Entered Level 1 of the Lair of Beasts
  9557 | Lair:1   | Noticed a five-headed hydra
  9569 | Lair:1   | Killed a five-headed hydra
  9569 | Lair:1   | Reached skill level 13 in Maces & Flails
  9569 | Lair:1   | Reached skill level 10 in Shields
  9869 | Lair:1   | Reached XP level 11. HP: 49/61 MP: 10/10
 10647 | Lair:2   | Noticed Gastronok
 10673 | Lair:2   | Killed Gastronok
 10673 | Lair:2   | Acquired Okawaru's second power
 10732 | Lair:2   | Received a gift from Okawaru
 10732 | Lair:2   | Reached skill level 14 in Maces & Flails
 11706 | Lair:3   | Noticed Maud
 11731 | Lair:3   | Killed Maud
 12288 | Lair:3   | Found a hole to the Spider Nest.
 12609 | Lair:4   | Reached XP level 12. HP: 64/68 MP: 11/11
 12616 | Lair:4   | Reached skill level 15 in Maces & Flails
 13456 | Lair:4   | Received a gift from Okawaru
 13459 | Lair:4   | Got a fine helmet {god gift}
 13463 | Lair:4   | Identified the -3 helmet of Toekham {Str+4 Dex+1} (Okawaru gifted it to you on level 4 of the Lair of Beasts)
 13992 | Lair:5   | Reached skill level 5 in Fighting
 15564 | Lair:6   | Found a staircase to the Swamp.
 15799 | Lair:6   | Noticed an eight-headed hydra
 15823 | Lair:6   | Killed an eight-headed hydra
 16258 | Lair:6   | Received a gift from Okawaru
 16353 | Lair:6   | Noticed an eight-headed hydra
 16366 | Lair:6   | Reached skill level 16 in Maces & Flails
 16379 | Lair:6   | Killed an eight-headed hydra
 16379 | Lair:6   | Reached XP level 13. HP: 32/76 MP: 10/12
 17208 | Lair:7   | Reached skill level 10 in Armour
 17826 | Lair:7   | Found a staircase to the Slime Pits.
 18100 | Lair:8   | Entered Level 8 of the Lair of Beasts
 18785 | Lair:8   | Received a gift from Okawaru
 18813 | Lair:8   | Got a shimmering morningstar {god gift}
 18814 | Lair:8   | Identified the morningstar of Iramim {god gift, pain, Int-5} (Okawaru gifted it to you on level 8 of the Lair of Beasts)
 18853 | Lair:8   | Noticed Dirian's ghost (powerful MiFi)
 18862 | Lair:8   | Killed Dirian's ghost
 19574 | Lair:7   | Reached skill level 10 in Fighting
 19782 | Lair:2   | Was placed under penance by Okawaru
 19880 | D:10     | Entered Level 10 of the Dungeon
 20419 | D:10     | Reached skill level 17 in Maces & Flails
 20588 | D:10     | Gained mutation: Your wings are large and strong. [gargoyle growth]
 20588 | D:10     | Reached XP level 14. HP: 68/86 MP: 13/13
 21046 | D:11     | Noticed Nergalle
 21083 | D:11     | Killed Nergalle
 21633 | D:11     | Noticed Josephine
 21771 | Orc:1    | Entered Level 1 of the Orcish Mines
 22185 | Orc:2    | Found Suickut's Armour Shop.
 22216 | Orc:2    | Noticed Erica
 22537 | Orc:2    | Noticed Grum
 22556 | Orc:2    | Noticed a stone giant
 22565 | Orc:2    | Killed Grum
 22914 | D:11     | Killed Josephine
 23075 | D:11     | Noticed Sonja
 23076 | D:11     | Noticed Nessos
 23104 | D:11     | Killed Sonja
 23135 | D:11     | Killed Nessos
 23135 | D:11     | Was forgiven by Okawaru
 23303 | D:12     | Received a gift from Okawaru
 23765 | D:12     | Noticed Maurice
 23822 | D:12     | Killed Maurice
 24908 | D:13     | Noticed Erolcha
 24926 | D:13     | Killed Erolcha
 25187 | D:13     | Found Daqy's Assorted Antiques.
 25191 | D:13     | Bought a scroll of identify for 62 gold pieces
 26753 | Lair:8   | Got a faintly glowing great mace
 26760 | Lair:8   | Identified the great mace "Sedgh" {crush, rC+} (You found it on level 8 of the Lair of Beasts)
 26955 | Lair:2   | Learned a level 2 spell: Swiftness
 27250 | Orc:2    | Killed a stone giant
 27436 | Orc:2    | Killed Erica
 27436 | Orc:2    | Reached skill level 18 in Maces & Flails
 27624 | Orc:3    | Noticed Harold
 27634 | Orc:3    | Killed Harold
 27634 | Orc:3    | Reached XP level 15. HP: 77/94 MP: 11/14
 27761 | Orc:1    | Noticed Blork the orc
 27920 | Orc:1    | Killed Blork the orc
 28116 | Orc:1    | Found Chiots' General Store.
 28258 | Orc:3    | Found Ikhofut's Magic Scroll Emporium.
 28298 | Orc:3    | Bought a scroll of identify for 22 gold pieces
 28298 | Orc:3    | Bought a scroll of identify for 22 gold pieces
 28319 | Orc:3    | Identified a scroll of acquirement
 28450 | Orc:4    | Entered Level 4 of the Orcish Mines
 29076 | Orc:4    | Found a staircase to the Elven Halls.
 31715 | Orc:4    | Found Ruakkuet's Assorted Antiques.
 31715 | Orc:4    | Found Gheijes' Gadget Boutique.
 31715 | Orc:4    | Found Oxemm's Magical Wand Shop.
 31715 | Orc:4    | Found Tuizaet's Gadget Shop.
 31727 | Orc:4    | Bought a wand of teleportation (2) for 252 gold pieces
 32232 | D:14     | Entered Level 14 of the Dungeon
 32871 | D:14     | Noticed Snorg
 32934 | D:14     | Killed Snorg
 33742 | D:14     | Noticed Nikola
 33763 | D:14     | Killed Nikola
 33871 | D:15     | Entered Level 15 of the Dungeon
 34120 | D:15     | Noticed a shadow dragon
 34175 | D:15     | Found a deep blue altar of Sif Muna.
 34175 | D:15     | Found a shimmering altar of Xom.
 34177 | D:15     | Killed a shadow dragon
 34405 | D:15     | Received a gift from Okawaru
 34410 | D:15     | Found a white marble altar of Elyvilon.
 35206 | D:16     | Found Klarph's Armour Boutique.
 35267 | D:16     | Reached skill level 15 in Shields
 35313 | D:16     | Reached XP level 16. HP: 89/101 MP: 15/15
 35582 | D:16     | Found a staircase to the Vaults.
 35798 | D:17     | Noticed Agnes
 35822 | D:16     | Killed Agnes
 36469 | D:17     | Got an ancient chain mail
 36487 | D:17     | Identified the cursed -9 chain mail of the Game Afoot {rElec rC+} (You found it on level 17 of the Dungeon)
 37131 | D:17     | Received a gift from Okawaru
 37139 | D:17     | Got a pair of heavily runed boots {god gift}
 37143 | D:17     | Identified the -2 pair of boots "Ashiph" {+Fly Dex-2 Curse} (Okawaru gifted it to you on level 17 of the Dungeon)
 37418 | D:18     | Found a portal to a secret trove of treasure.
 37675 | D:18     | Found a basalt altar of Yredelemnul.
 38271 | D:18     | Reached skill level 1 in Invocations
 39179 | Swamp:1  | Entered Level 1 of the Swamp
 39224 | Swamp:1  | Got a jewelled flail
 39279 | Swamp:1  | Identified the cursed flail of Ecohaure {crush, Str+4} (You found it on level 1 of the Swamp)
 40002 | Swamp:1  | Reached skill level 5 in Invocations
 40033 | Swamp:2  | Noticed Aizul
 40033 | Swamp:2  | Noticed Norris
 40514 | Swamp:2  | Killed Aizul
 40694 | Swamp:2  | Reached skill level 1 in Evocations
 40868 | Swamp:2  | Reached XP level 17. HP: 95/106 MP: 26/26
 40959 | Swamp:2  | Noticed Louise
 40987 | Swamp:2  | Killed Louise
 41477 | Lair:2   | Upgraded the game from 0.13-a0-2657-gc1edc70 to 0.13-a0-2672-g649a1be
 41602 | Swamp:2  | Killed Norris
 41602 | Swamp:2  | Reached skill level 5 in Evocations
 42352 | Swamp:3  | Received a gift from Okawaru
 42764 | Swamp:4  | Reached skill level 15 in Armour
 43635 | Spider:1 | Entered Level 1 of the Spider Nest
 44368 | Spider:1 | Noticed Kirke
 44399 | Spider:1 | Killed Kirke
 44527 | Spider:1 | Got a crude shield
 44547 | Spider:1 | Identified the +1 shield of Midwinter {Dam+4} (You found it on level 1 of the Spider Nest)
 45365 | Spider:2 | Received a gift from Okawaru
 45368 | Spider:2 | Got an encrusted mace {god gift}
 45385 | Spider:2 | Identified the mace "Thrucrot" {god gift, pain, rElec} (Okawaru gifted it to you on level 2 of the Spider Nest)
 46479 | Spider:4 | Reached XP level 18. HP: 114/114 MP: 27/27
 46508 | Spider:4 | Identified Thaumaturgy, Part Five
 47202 | Spider:3 | Received a gift from Okawaru
 47564 | Elf:1    | Entered Level 1 of the Elven Halls
 47712 | Elf:1    | Reached skill level 19 in Maces & Flails
 48367 | Elf:1    | Found Xofa's Book Shop.
 49356 | Elf:2    | Found Ihisia's Armour Shoppe.
 50853 | Vaults:1 | Entered Level 1 of the Vaults
 50861 | Vaults:1 | Noticed Frances
 50878 | Vaults:1 | Killed Frances
 51632 | Vaults:1 | Found Axalaa's General Store.
 51633 | Vaults:1 | Noticed Roxanne
 51758 | Vaults:1 | Got a polished plate armour
 51781 | Vaults:1 | Identified the +6 plate armour of Tartarus {rN+ Str+2 Dex+2} (You found it on level 1 of the Vaults)
 51882 | Vaults:1 | Received a gift from Okawaru
 52736 | Vaults:2 | Noticed a tentacled monstrosity
 52762 | Vaults:2 | Killed a tentacled monstrosity
 52879 | Vaults:2 | Received a gift from Okawaru
 52879 | Vaults:2 | Reached skill level 15 in Fighting
 52886 | Vaults:2 | Got a blackened morningstar {god gift}
 52887 | Vaults:2 | Identified the morningstar of Impatience {god gift, crush, rF+} (Okawaru gifted it to you on level 2 of the Vaults)
 52913 | Vaults:2 | Reached XP level 19. HP: 121/121 MP: 28/28
 54126 | Vaults:3 | Noticed Frederick
 54159 | Vaults:3 | Killed Frederick
 54940 | Vaults:3 | Found an ancient bone altar of Kikubaaqudgha.
 54940 | Vaults:3 | Found a staircase to the Crypt.
 54959 | Vaults:3 | Found a basalt altar of Yredelemnul.
 55368 | Vaults:3 | Reached skill level 20 in Maces & Flails
 55380 | Vaults:3 | Received a gift from Okawaru
 55471 | Vaults:3 | Noticed Azrael
 55504 | Vaults:3 | Killed Azrael
 55857 | Vaults:3 | Found Vusauha's Magical Wand Shoppe.
 56127 | Vaults:3 | Bought a wand of heal wounds (2) for 684 gold pieces
 56466 | Vaults:4 | Received a gift from Okawaru
 57189 | Vaults:4 | Reached XP level 20. HP: 130/130 MP: 29/29
 57648 | Vaults:4 | Found a staircase to the Hall of Blades.
 57760 | Blade    | Entered the Hall of Blades
 59194 | D:17     | Found a portal to a secret trove of treasure.
 59195 | D:17     | the portal to a secret trove of treasure was a mimic.
 60225 | D:20     | Entered Level 20 of the Dungeon
 61561 | D:21     | Found a gateway to Hell.
 61561 | D:21     | Found a one-way gate leading to the halls of Pandemonium.
 61590 | D:21     | Noticed n0Tf4Ir's ghost (mighty MiDK)
 61606 | D:21     | Killed n0Tf4Ir's ghost
 61606 | D:21     | Received a gift from Okawaru
 62481 | D:22     | Found an ancient bone altar of Kikubaaqudgha.
 62482 | D:22     | Found a shimmering altar of Xom.
 62482 | D:22     | Found a white marble altar of Elyvilon.
 62544 | D:22     | Reached skill level 21 in Maces & Flails
 62659 | D:22     | Reached XP level 21. HP: 120/137 MP: 29/29
 63455 | D:22     | Found a one-way gate to the infinite horrors of the Abyss.
 63497 | D:22     | Noticed Sojobo
 63831 | D:22     | Killed Sojobo
 65364 | D:23     | Found a shimmering altar of Xom.
 65576 | D:23     | Found Shinuesm's Food Shoppe.
 65785 | D:23     | Noticed Wiglaf
 65818 | D:23     | Killed Wiglaf
 65843 | D:23     | Noticed Jorgrun
 65843 | D:23     | Noticed Mara
 65881 | D:23     | Killed Jorgrun
 66200 | D:23     | Killed Mara
 66479 | D:23     | Received a gift from Okawaru
 68371 | Swamp:5  | Entered Level 5 of the Swamp
 68615 | Swamp:5  | Reached XP level 22. HP: 146/146 MP: 30/30
 69784 | Swamp:5  | Got a decaying rune of Zot
 70361 | Spider:5 | Entered Level 5 of the Spider Nest
 71143 | Spider:5 | Received a gift from Okawaru
 71431 | Spider:5 | Got a gossamer rune of Zot
 71731 | Lair:2   | Upgraded the game from 0.13-a0-2672-g649a1be to 0.13-a0-2676-gd993d8a
 72589 | D:25     | Entered Level 25 of the Dungeon
 72618 | D:25     | Reached skill level 22 in Maces & Flails
 72745 | D:25     | Noticed Margery
 72772 | D:25     | Killed Margery
 73894 | D:26     | Found Arhuer's Distillery.
 73899 | D:26     | Found Threwuni's Weapon Boutique.
 74029 | D:26     | Found Oxathrip's Weapon Emporium.
 74279 | D:26     | Found Grosail's Book Shoppe.
 74940 | D:26     | Found a roughly hewn altar of Beogh.
 75091 | D:27     | Entered Level 27 of the Dungeon
 75249 | D:26     | Reached XP level 23. HP: 113/154 MP: 30/30
 75399 | D:27     | Received a gift from Okawaru
 76730 | D:14     | Identified a +2 cloak of preservation (You took it off Nikola on level 14 of the Dungeon)
 77606 | Vaults:5 | Entered Level 5 of the Vaults
 78554 | Vaults:5 | Received a gift from Okawaru
 78672 | Vaults:5 | Identified the Volume of Poisoning
 78965 | Vaults:5 | Noticed Saint Roka
 78994 | Vaults:5 | Killed Saint Roka
 79298 | Vaults:5 | Got a faintly glowing copper amulet
 79338 | Vaults:5 | Identified the Volume of Malediction and Sinister Arts (You found it on level 5 of the Vaults)
 79360 | Vaults:5 | Identified the amulet "Schoisech" {rCorr rF+ Int+3} (You took it off a vault sentinel on level 5 of the Vaults)
 79391 | Vaults:5 | Got a fine chain mail
 79416 | Vaults:5 | Identified the cursed -1 chain mail "Ejam" {rC++ Int+3 Stlth-} (You found it on level 5 of the Vaults)
 79442 | Vaults:5 | Learned a level 2 spell: Blink
 79445 | Vaults:5 | Learned a level 2 spell: Repel Missiles
 79500 | Vaults:5 | Got a silver rune of Zot
 79852 | Vaults:5 | Reached XP level 24. HP: 144/164 MP: 31/31
 80899 | Vaults:4 | Received a gift from Okawaru
 82300 | Elf:3    | Entered Level 3 of the Elven Halls
 82428 | Elf:3    | Found a magical portal.
 82446 | WizLab   | Entered a wizard's laboratory
 83024 | Elf:3    | Noticed Rupert
 83035 | Elf:3    | Killed Rupert
 84483 | Elf:3    | Got a flickering iron ring
 84651 | Elf:3    | Identified the Guide on Arcane Weapons and Darkness
 84668 | Elf:3    | Got a brightly glowing flail
 84669 | Elf:3    | Identified the flail of Esuawaes {crush, Dex+1} (You found it on level 3 of the Elven Halls)
 85219 | Lair:2   | Identified the ring "Tistruit" {+Fly Dex+5 Int+5} (You found it on level 3 of the Elven Halls)
 85456 | Slime:1  | Entered Level 1 of the Pits of Slime
 85604 | Slime:2  | Received a gift from Okawaru
 85682 | Slime:3  | Paralysed by a giant eyeball for 2 turns
 86064 | Slime:6  | Entered Level 6 of the Pits of Slime
 86073 | Slime:6  | Paralysed by a giant eyeball for 3 turns
 86162 | Slime:6  | Paralysed by a giant eyeball for 3 turns
 86286 | Slime:6  | Gained mutation: Armour fits poorly on your strangely shaped body. [a shining eye]
 86358 | Slime:6  | Reached XP level 25. HP: 141/172 MP: 2/33
 86421 | Slime:6  | Paralysed by a giant eyeball for 3 turns
 86655 | Slime:6  | Found a viscous altar of Jiyva.
 86729 | Slime:6  | Noticed the royal jelly
 86762 | Slime:6  | Killed the royal jelly
 86762 | Slime:6  | Reached skill level 10 in Evocations
 87078 | Slime:6  | Got a brightly glowing glaive
 87081 | Slime:6  | Got a slimy rune of Zot
 87122 | Slime:6  | Got an ancient turquoise ring
 87194 | Slime:6  | Got a warped crystal amulet
 87204 | Slime:6  | Identified the Incunabulum of Necromancy (You found it on level 6 of the Pits of Slime)
 87207 | Slime:6  | Got a faintly glowing fire dragon armour
 87248 | Slime:6  | Identified Yzaux's Guide on Supportive Moulding (You found it on level 6 of the Pits of Slime)
 87599 | Slime:3  | Paralysed by a giant eyeball for 2 turns
 87607 | Slime:3  | Paralysed by a giant eyeball for 3 turns
 87619 | Slime:3  | Paralysed by a giant eyeball for 2 turns
 87676 | Slime:2  | Reached skill level 23 in Shields
 88110 | Lair:2   | Identified the cursed +3 fire dragon armour of Sloth {+Rage rF++ rC-} (You found it on level 6 of the Pits of Slime)
 88199 | Lair:2   | Identified the amulet of the Manifold Mice {Ward rF++ Str-3 Acc+5} (You found it on level 6 of the Pits of Slime)
 88202 | Lair:2   | Identified the ring "Athryti" {Str-2 Int-1 Acc+2 SInv} (You found it on level 6 of the Pits of Slime)
 89222 | D:27     | Lost mutation: Armour fits poorly on your strangely shaped body. [potion of cure mutation]
 89485 | D:27     | Paralysed by a sphinx for 2 turns
 89684 | Zot:1    | Entered Level 1 of the Realm of Zot
 91131 | Zot:1    | Got a jewelled falchion
 92108 | Zot:2    | Reached XP level 26. HP: 177/179 MP: 35/35
 93553 | Zot:2    | Reached skill level 24 in Shields
 95038 | Orc:1    | Bought a scroll of enchant weapon II for 82 gold pieces
 95110 | Orc:4    | Bought a potion of speed for 154 gold pieces
 95110 | Orc:4    | Bought a scroll of enchant weapon I for 154 gold pieces
 95719 | Lair:2   | Identified the cursed +0,-3 falchion of Defence {slice, rElec rC+ SInv} (You found it on level 1 of the Realm of Zot)
 96067 | Trove    | Entered a treasure trove
 96086 | Trove    | Got a warped dagger
 96094 | Trove    | Got a ring of the Octopus King
 96105 | Trove    | Got a pitted golden ring
 96521 | Lair:2   | Identified a ring of the Octopus King {rF+ AC+1 EV+1 Str+1 Dex+1 Int+1} (You found it in a treasure trove)
 96647 | Lair:2   | Got an ichor-stained helmet
 96651 | Lair:2   | Identified the +0 helmet "Ogoynoc" {Dex-2 Int+3} (You acquired it on level 2 of the Lair of Beasts)
 96683 | Lair:2   | Got an emerald-studded crystal plate armour
 96710 | Lair:2   | Identified the +13 crystal plate armour of Resourcefulness {rF+} (You acquired it on level 2 of the Lair of Beasts)
 96712 | Lair:2   | Got a pair of twisted gloves
 96716 | Lair:2   | Identified the +2 pair of gloves of Space {SInv} (You acquired it on level 2 of the Lair of Beasts)
 97022 | Temple   | Fell from the grace of Okawaru
 97022 | Temple   | Became a worshipper of the Shining One
 97723 | Crypt:1  | Entered Level 1 of the Crypt
 98011 | Crypt:1  | Acquired the Shining One's first power
 98562 | Crypt:1  | Acquired the Shining One's second power
 98959 | Crypt:2  | Noticed Xtahua
 98993 | Crypt:2  | Killed Xtahua
100305 | Crypt:3  | Found a basalt altar of Yredelemnul.
100360 | Crypt:3  | Acquired the Shining One's third power
100565 | Crypt:3  | Reached XP level 27. HP: 184/188 MP: 36/36
100672 | Crypt:3  | Acquired the Shining One's fourth power
100715 | Crypt:3  | Found a staircase to the Tomb.
100820 | Crypt:3  | Noticed Donald
100839 | Crypt:3  | Killed Donald
101625 | Crypt:4  | Noticed Mennas
101726 | Crypt:5  | Entered Level 5 of the Crypt
102500 | Crypt:5  | Noticed Khufu
103246 | Crypt:5  | Found an ancient bone altar of Kikubaaqudgha.
103260 | Crypt:5  | Cast into the Abyss (lich)
103261 | Abyss:1  | Found a corrupted altar of Lugonu.
103356 | Abyss:1  | Found a corrupted altar of Lugonu.
103401 | Crypt:5  | Escaped the Abyss
103491 | Crypt:5  | Noticed an ancient lich
103547 | Crypt:5  | Killed an ancient lich
104195 | Crypt:5  | Killed Khufu
105749 | Temple   | Identified a +4,+2 Blessed Scourge (a +3,+1 demon whip of slashing blessed by the Shining One)
106039 | Lair:2   | Upgraded the game from 0.13-a0-2676-gd993d8a to 0.13-a0-2682-gb26bf1a
106066 | Lair:2   | Identified the ring "Zukheol" {Dex+3 Int-5} (You found it in a treasure trove)
106586 | Hell     | Entered the Vestibule of Hell
106586 | Hell     | Noticed Geryon
106603 | Hell     | Killed Geryon
106608 | Hell     | Reached skill level 1 in Charms
106702 | Hell     | Reached skill level 1 in Spellcasting
106772 | Hell     | Reached skill level 25 in Shields
107290 | D:22     | Voluntarily entered the Abyss.
107290 | Abyss:1  | Found a corrupted altar of Lugonu.
107298 | Abyss:2  | Found a corrupted altar of Lugonu.
107515 | Abyss:3  | Got an abyssal rune of Zot
107834 | Abyss:4  | Found a corrupted altar of Lugonu.
108062 | Abyss:4  | Paralysed by accursed screaming for 1 turns
108397 | Abyss:4  | Found a corrupted altar of Lugonu.
108457 | Abyss:4  | Identified a +0 cloak of preservation (You took it off a draconian annihilator on level 3 of the Abyss)
108495 | Abyss:4  | Paralysed by accursed screaming for 1 turns
108582 | Abyss:4  | Paralysed by accursed screaming for 1 turns
108652 | Abyss:4  | Paralysed by accursed screaming for 1 turns
109033 | Abyss:4  | Found a corrupted altar of Lugonu.
109187 | Abyss:4  | Found a corrupted altar of Lugonu.
109188 | Abyss:4  | Found a corrupted altar of Lugonu.
109289 | Abyss:5  | Entered Level 5 of the Abyss
109295 | Abyss:5  | Found a corrupted altar of Lugonu.
109759 | Abyss:5  | Reached skill level 5 in Spellcasting
109989 | Abyss:5  | Reached skill level 5 in Charms
110220 | Abyss:5  | Found a corrupted altar of Lugonu.
110467 | Abyss:5  | Paralysed by accursed screaming for 1 turns
111180 | Abyss:5  | Got a scintillating zirconium amulet
111182 | Abyss:5  | Identified the amulet "Mno Shy" {rCorr rN+} (You found it on level 5 of the Abyss)
111914 | Abyss:5  | Found a basalt altar of Yredelemnul.
111916 | Abyss:5  | Found a bloodstained altar of Trog.
112064 | Abyss:5  | Found a basalt altar of Yredelemnul.
112732 | Abyss:5  | Paralysed by accursed screaming for 2 turns
112750 | Abyss:5  | Reached skill level 26 in Shields
113100 | Abyss:5  | Paralysed by you for 4 turns
113327 | Abyss:5  | Paralysed by accursed screaming for 1 turns
116076 | Abyss:5  | Gained mutation: You are dopey (Int -1). [a neqoxec]
116144 | Abyss:5  | Reached skill level 27 in Shields
116153 | Abyss:5  | Tolias: 84? damn
116154 | Abyss:5  | ReeallyStein: Hah i know
116154 | Abyss:5  | ReeallyStein: crystal plate from acquirement
116154 | Abyss:5  | Tolias: rf even
116154 | Abyss:5  | Tolias: lovely
116154 | Abyss:5  | ReeallyStein: y
116260 | Abyss:5  | Got a fine golden amulet
116287 | Abyss:5  | Got a twitching bronze ring
116320 | Abyss:5  | ReeallyStein: Where do you think i could go next btw?
116320 | Abyss:5  | ReeallyStein: Im a new player
116320 | Abyss:5  | Tolias: runecount/
116320 | Abyss:5  | ReeallyStein: Kinda low MR, good rF, low cold res
116320 | Abyss:5  | ReeallyStein: 5 runes i think
116320 | Abyss:5  | ReeallyStein: Im going for all of them
116320 | Abyss:5  | Tolias: well pan probably
116320 | Abyss:5  | Tolias: can I see your skills
116320 | Abyss:5  | ReeallyStein: Its eaiser than hell?
116320 | Abyss:5  | Tolias: generally yes
116320 | Abyss:5  | ReeallyStein: Going for Haste spell but fuck me the armor and shield is weighing me down
116320 | Abyss:5  | Tolias: you should get high charms & translocations
116320 | Abyss:5  | Tolias: blink is essentinel, especially with oka wrath
116320 | Abyss:5  | Tolias: also high invo is very good with tso
116320 | Abyss:5  | Tolias: cleansing flame is top notch in pan/hells/tomb
116320 | Abyss:5  | ReeallyStein: I've scumming away oka wrath for some time now. He cant stay mad too long
116320 | Abyss:5  | Tolias: it's hard but doable to cast in cpa
116320 | Abyss:5  | ReeallyStein: My worry with pan is that I basically have to get the rune if a panlord shows up
116320 | Abyss:5  | Tolias: anyway, work towards those
116320 | Abyss:5  | Tolias: and go pan for the runes
116320 | Abyss:5  | Tolias: you can kill any boss with a couple of angels
116320 | Abyss:5  | ReeallyStein: Alrite
116320 | Abyss:5  | ReeallyStein: No cold res. Only a ring for switch
116321 | Abyss:5  | Tolias: you don't really need rC except vs icefiends
116322 | Abyss:5  | ReeallyStein: Thought as much
116334 | Abyss:5  | Found a corrupted altar of Lugonu.
116344 | Abyss:5  | Tolias: and shadowfiends I guess sometimes throw bolt of cold
116345 | D:22     | Escaped the Abyss
116352 | D:22     | Tolias: do you have a wand of hasting?
116352 | D:22     | ReeallyStein: Oh ya!
116352 | D:22     | ReeallyStein: Check dem evokables
116352 | D:22     | Tolias: nice
116352 | D:22     | Tolias: anyway if you want to kill the pan bosses
116352 | D:22     | ReeallyStein: got a few recharge stacked in lair, But they always burn
116352 | D:22     | Tolias: you need to be hasted and maybe might'ed
116352 | D:22     | Tolias: and a couple hasted angels
116352 | D:22     | Tolias: other stuff to bring in pan are a few mapping scrolls
116352 | D:22     | Tolias: scrolls of blinking
116352 | D:22     | ReeallyStein: No blinks sadly
116352 | D:22     | Tolias: and spellbooks for the spells you want to learn
116352 | D:22     | Tolias: so you can work towards them
116352 | D:22     | Tolias: you can probably memorise haste by taking off your armor and drinking brilliance pot
116358 | D:22     | Tolias: so you dont need to carry the book
116393 | D:22     | Learned a level 6 spell: Haste
116393 | D:22     | Tolias: what else
116394 | D:22     | Tolias: can you memorise
116394 | D:22     | Tolias: silence is good
116394 | D:22     | Tolias: and spectral weapon I guess
116398 | D:22     | Learned a level 3 spell: Spectral Weapon
116398 | D:22     | Tolias: silence is useful in tomb
116398 | D:22     | ReeallyStein: getting it castable sounds painful
116398 | D:22     | ReeallyStein: Those songs, useful?
116398 | D:22     | Tolias: I've not played around with them too much
116398 | D:22     | ReeallyStein: Ah lets get them
116398 | D:22     | Tolias: song of slaying adds 1 damage for each monster you kill for a limited time
116401 | D:22     | Learned a level 2 spell: Song of Slaying
116406 | D:22     | Learned a level 4 spell: Song of Shielding
116410 | D:22     | Tolias: also if you have another magic/artifact helmet switch to it
116410 | D:22     | ReeallyStein: Hm silence would be real nice. But i have a couple scrolls
116410 | D:22     | ReeallyStein: Nah no good helms
116410 | D:22     | Tolias: tso gives you sinv
116410 | D:22     | ReeallyStein: boots or gloves
116410 | D:22     | Tolias: that hat will help with your casting
116645 | D:16     | Bought a +1 wizard hat of intelligence for 295 gold pieces
116650 | D:16     | ReeallyStein: How much food should i bring?
116651 | D:16     | Tolias: 7-8 rations should be enough
116651 | D:16     | Tolias: there's quite a bit of food in pan
116651 | D:16     | ReeallyStein: whatre the charge scrolls called again?
116651 | D:16     | Tolias: recharging
117330 | D:19     | Tolias: I forgot
117396 | D:21     | Tolias: control teleport is also very nice to have in pan
117490 | Hell     | Identified the amulet of Eviot {Gourm rF+ Acc+6 Dam+4 Curse} (You found it on level 5 of the Abyss)
117490 | Hell     | Identified the ring "Weuhi" {rPois Str+3 Int+3} (You found it on level 5 of the Abyss)
117509 | Pan      | Entered Pandemonium
117567 | Pan      | ReeallyStein: shit
117567 | Pan      | ReeallyStein: forgot that ring ;)
117580 | Pan      | Found an exit through the horrors of the Abyss.
117690 | Pan      | Reached skill level 1 in Translocations
117757 | Pan      | Reached skill level 27 in Armour
117763 | Pan      | Tolias: you're wearing rmut right
117764 | Pan      | Noticed Pnyoshea the pandemonium lord
117764 | Pan      | ReeallyStein: ofc
117764 | Pan      | ReeallyStein: ah panbro, didnt see you there
117773 | Pan      | Killed Pnyoshea the pandemonium lord
117803 | Pan      | Tolias: most of the time they aren't very dangerous
117814 | Pan      | Tolias: but they can get any spell in the game
117815 | Pan      | Tolias: including fire/ice storm
117815 | Pan      | ReeallyStein: Ye, I fear shatter
117815 | Pan      | ReeallyStein: Jorgrun nearly tore me apart, with Mara backup
118001 | Pan      | Tolias: jorgrun is kind of a bitch
118032 | Pan      | Tolias: invis and flying work well against him
118291 | Pan      | Reached skill level 10 in Invocations
118292 | Pan      | ReeallyStein: ugh
118292 | Pan      | Tolias: yeah
118334 | Pan      | Tolias: be very careful with ice fiend melee
118340 | Pan      | Tolias: they can do up to 100 damage that ignores AC
118340 | Pan      | ReeallyStein: Oh mang
118594 | Pan      | Found an exit through the horrors of the Abyss.
118608 | Pan      | Noticed Fepaykir the pandemonium lord
118621 | Pan      | Killed Fepaykir the pandemonium lord
118711 | Pan      | Tolias: that small room maybe hold the rune btw
118714 | Pan      | Reached skill level 10 in Charms
118812 | Pan      | ReeallyStein: haha
118812 | Pan      | Tolias: :p
118865 | Pan      | ReeallyStein: still oka?
118865 | Pan      | Tolias: wrath can last up to 50k turns :D
118865 | Pan      | ReeallyStein: Early game.. I read some unid scrolls
118865 | Pan      | ReeallyStein: First summoned 10 butterflies.. Then
118865 | Pan      | ReeallyStein: immolation
118865 | Pan      | ReeallyStein: it
118865 | Pan      | ReeallyStein: was
118865 | Pan      | ReeallyStein: glorius
118865 | Pan      | Tolias: haha
119606 | Pan      | Tolias: dont fly near titans
119610 | Pan      | Tolias: air strike sucks
119611 | Pan      | ReeallyStein: Titans have that? damit
119611 | Pan      | Tolias: yeah
119612 | Pan      | ReeallyStein: thanks
119618 | Pan      | ReeallyStein: haha stupid angel
119618 | Pan      | Tolias: Like a stone giant with laser vision, infinite ammo, and better fashion sense.
119989 | Pan      | Noticed Khaug the pandemonium lord
119989 | Pan      | ReeallyStein: Wow
119996 | Pan      | Tolias: ack
120032 | Pan      | ReeallyStein: where are these assholes coming from
120033 | Pan      | ReeallyStein: oh lordy
120033 | Pan      | Tolias: the shadow demon
120033 | Pan      | Tolias: in the middle
120033 | Pan      | Tolias: can cast shadow creatures
120033 | Pan      | ReeallyStein: suggestion?
120033 | Pan      | Tolias: what scrolls you have
120033 | Pan      | Tolias: hm
120033 | Pan      | ReeallyStein: hellfire is frying me
120033 | Pan      | Tolias: press ec
120033 | Pan      | Tolias: esc
120033 | Pan      | Tolias: fuck this is not good
120033 | Pan      | ReeallyStein: i know
120033 | Pan      | ReeallyStein: out of nowhere
120033 | Pan      | Tolias: they are all summoned, which means even if you kill them you won't be healed
120033 | Pan      | Tolias: except for the shadow
120033 | Pan      | ReeallyStein: I gotta heal then haste i think, tele
120033 | Pan      | Tolias: zap heal wand then move SW
120034 | Pan      | Tolias: they wont hellfire when in danger of hitting allies
120034 | Pan      | Tolias: start tele
120035 | Pan      | Tolias: how is your invo
120035 | Pan      | ReeallyStein: more heal or haste?
120035 | Pan      | Tolias: sec
120035 | Pan      | Tolias: melee the shadow demon I think
120035 | Pan      | ReeallyStein: no heal?
120035 | Pan      | Tolias: do esc
120035 | Pan      | Tolias: I don't think you can be one shotted in this turn
120039 | Pan      | ReeallyStein: ahh
120039 | Pan      | Tolias: change places with the angel
120040 | Pan      | ReeallyStein: there we go
120040 | Pan      | ReeallyStein: need better resting place
120049 | Pan      | Tolias: this is why it's not a good idea to explore every pan level
120059 | Pan      | ReeallyStein: Ye damn was not expecting those 2 instances
120059 | Pan      | Tolias: just keep taking the first portal you see, sooner or later you'll get a specific level
120261 | Pan      | Tolias: do you have dig + disint?
120261 | Pan      | ReeallyStein: I will, but im going out for dinner now.
120261 | Pan      | ReeallyStein: Thanks for the help bro
120261 | Pan      | Tolias: np
120261 | Pan      | Tolias: have a good one
120261 | Pan      | ReeallyStein: cheers
120475 | D:21     | Escaped Pandemonium
120582 | D:22     | Voluntarily entered the Abyss.
120707 | Abyss:1  | Reached skill level 5 in Translocations
121020 | Abyss:1  | Noticed an ancient lich
121027 | Abyss:1  | Killed an ancient lich
121088 | Abyss:1  | Got a distressingly furry plate armour
121762 | Abyss:2  | Reached skill level 10 in Spellcasting
122457 | Abyss:3  | Learned a level 1 spell: Apportation
122537 | Abyss:3  | Paralysed by accursed screaming for 1 turns
122912 | Abyss:3  | Identified the cursed +9 plate armour of the Hurricane {rN+} (You found it on level 1 of the Abyss)
123126 | Abyss:3  | Was forgiven by Okawaru
123550 | Abyss:3  | Got a scintillating iron ring
123552 | Abyss:3  | Identified the ring "Kaeniar" {+/*Tele Int+2 Acc-1} (You found it on level 3 of the Abyss)
123787 | Abyss:3  | Found a corrupted altar of Lugonu.
124307 | Abyss:3  | Paralysed by you for 4 turns
124722 | Abyss:3  | Found a shimmering altar of Xom.
124971 | Abyss:4  | Got a shimmering copper ring
125390 | Abyss:4  | Identified the ring of Xicsyth {MR Str+3 Dex+3} (You took it off an orc sorcerer on level 4 of the Abyss)
125470 | Abyss:4  | Reached skill level 15 in Invocations
125683 | Abyss:4  | Found a snail-covered altar of Cheibriados.
125707 | Abyss:5  | Entered Level 5 of the Abyss
125707 | Abyss:5  | Found a corrupted altar of Lugonu.
125821 | Abyss:5  | Found an ancient bone altar of Kikubaaqudgha.
125834 | Abyss:5  | Found a corrupted altar of Lugonu.
126228 | Abyss:5  | Found a corrupted altar of Lugonu.
126503 | Abyss:5  | Found a shimmering altar of Xom.
126503 | Abyss:5  | Found a shimmering altar of Xom.
126505 | Abyss:5  | Found a shimmering altar of Xom.
126506 | Abyss:5  | Found a corrupted altar of Lugonu.
126516 | Abyss:5  | Found a shimmering altar of Xom.
126739 | Abyss:5  | Paralysed by a giant eyeball for 2 turns
126882 | Abyss:5  | Found a corrupted altar of Lugonu.
127044 | Abyss:5  | Found a radiant altar of Vehumet.
127430 | Abyss:5  | Reached skill level 15 in Charms
127804 | Abyss:5  | Found a deep blue altar of Sif Muna.
127911 | Abyss:5  | Paralysed by accursed screaming for 1 turns
128042 | Abyss:5  | Identified the Guide on Arcane Weapons
128046 | Abyss:5  | Identified Sif Muna's Almanac of Malediction
128053 | Abyss:5  | Identified Borgnjor's Grimoire of Evil Secrets
128073 | Abyss:5  | Learned a level 1 spell: Corona
128519 | Abyss:5  | Gained mutation: Armour fits poorly on your strangely shaped body. [a neqoxec]
128527 | Abyss:5  | Reached skill level 15 in Spellcasting
129013 | Abyss:5  | Got a pair of ancient gloves
129023 | Abyss:5  | Identified the +2 pair of gloves of Marbles {rC+ rN+ MR+} (You acquired it on level 5 of the Abyss)
129109 | Abyss:5  | Gained mutation: You cover ground slowly. [a neqoxec]
129156 | D:22     | Escaped the Abyss
129169 | Hell     | Lost mutation: You are dopey (Int -1). [potion of cure mutation]
129169 | Hell     | Lost mutation: Armour fits poorly on your strangely shaped body. [potion of cure mutation]
129169 | Hell     | Lost mutation: You cover ground slowly. [potion of cure mutation]
129170 | Hell     | Upgraded the game from 0.13-a0-2682-gb26bf1a to 0.13-a0-2688-gfd9909a
129196 | D:22     | Voluntarily entered the Abyss.
129196 | Abyss:1  | Found a corrupted altar of Lugonu.
129444 | Abyss:1  | Noticed an ancient lich
129460 | Abyss:1  | Killed an ancient lich
129648 | Abyss:1  | Found a corrupted altar of Lugonu.
130129 | Abyss:1  | Found a corrupted altar of Lugonu.
130504 | Abyss:2  | Got a heavily runed glass ring
130522 | Abyss:2  | Identified the ring of Duppaf {Dex+3 Int+1 SInv} (You found it on level 2 of the Abyss)
130633 | Abyss:2  | Found a corrupted altar of Lugonu.
130714 | Abyss:3  | Found a corrupted altar of Lugonu.
131083 | Abyss:3  | Found a corrupted altar of Lugonu.
131270 | Abyss:3  | Got a scintillating copper ring
131283 | Abyss:3  | Noticed an ancient lich
131298 | Abyss:3  | Killed an ancient lich
131309 | Abyss:3  | Identified the ring "Hienue Thrao" {Ice Str-3 Int+3 Acc+4} (You found it on level 3 of the Abyss)
131709 | Abyss:3  | Found a corrupted altar of Lugonu.
132190 | Abyss:3  | Found a corrupted altar of Lugonu.
132446 | Abyss:3  | Found a shattered altar of Ashenzari.
133041 | Abyss:3  | Reached skill level 1 in Hexes
133414 | Abyss:3  | Found a shimmering altar of Xom.
133414 | Abyss:3  | Found a shimmering altar of Xom.
133414 | Abyss:3  | Found a shimmering altar of Xom.
133414 | Abyss:3  | Found a shimmering altar of Xom.
133414 | Abyss:3  | Found a corrupted altar of Lugonu.
133414 | Abyss:3  | Found a shimmering altar of Xom.
133415 | Abyss:3  | Found a shimmering altar of Xom.
133415 | Abyss:3  | Found a shimmering altar of Xom.
133709 | Abyss:4  | Found a corrupted altar of Lugonu.
134069 | Abyss:4  | Gained mutation: You are clumsy (Dex -1). [a neqoxec]
134492 | Abyss:4  | Got an ichor-stained cloak
134506 | Abyss:4  | Identified the cursed -3 cloak of the Grue {Dex+3} (You found it on level 4 of the Abyss)
134719 | Abyss:4  | Found a corrupted altar of Lugonu.
134849 | Abyss:4  | Got a pair of warped gloves
134860 | Abyss:4  | Identified the +0 pair of gloves of Mental Paralysis {Str+3 Int+4} (You found it on level 4 of the Abyss)
135577 | Abyss:4  | Paralysed by accursed screaming for 1 turns
135621 | Abyss:5  | Entered Level 5 of the Abyss
135863 | Abyss:5  | Found a corrupted altar of Lugonu.
135937 | Abyss:5  | Noticed an ancient lich
135944 | Abyss:5  | Killed an ancient lich
136381 | Abyss:5  | Found a corrupted altar of Lugonu.
136419 | Abyss:5  | Reached skill level 5 in Hexes
136442 | Abyss:5  | Found a corrupted altar of Lugonu.
136984 | D:22     | Escaped the Abyss
137115 | D:26     | Bought a book of the Warp for 1620 gold pieces
137219 | Hell     | Learned a level 5 spell: Silence
137227 | Hell     | Learned a level 7 spell: Controlled Blink
137263 | Hell     | Learned a level 4 spell: Control Teleport
137267 | Hell     | Learned a level 3 spell: Recall
137912 | Lair:2   | Identified the +2,+1 dagger "Xiatus" {stab, rElec} (You found it in a treasure trove)
138439 | Hell     | Learned a level 6 spell: Haste
138549 | Hell     | Learned a level 4 spell: Dig
138556 | D:22     | Voluntarily entered the Abyss.
138556 | Abyss:1  | Found a corrupted altar of Lugonu.
138615 | Abyss:1  | Reached skill level 1 in Air Magic
138817 | Abyss:1  | Reached skill level 10 in Translocations
139506 | Abyss:1  | Gained mutation: You are clumsy (Dex -2). [a neqoxec]
139642 | Abyss:1  | Noticed an ancient lich
139656 | Abyss:1  | Killed an ancient lich
140820 | Abyss:2  | Found a corrupted altar of Lugonu.
141720 | Abyss:2  | Paralysed by a giant eyeball for 2 turns
141979 | Abyss:2  | ReeallyStein: Heyoo
142279 | Abyss:4  | Found a roughly hewn altar of Beogh.
142292 | Abyss:4  | Found a corrupted altar of Lugonu.
142354 | Abyss:4  | ReeallyStein: What do you think about tomb?
142354 | Abyss:4  | ReeallyStein: haste, silence, summons
142370 | Abyss:4  | ReeallyStein: Because Pan scares the hell out of me
142370 | Abyss:4  | ReeallyStein: ;)
142375 | Abyss:4  | Reached skill level 5 in Air Magic
142464 | Abyss:5  | Entered Level 5 of the Abyss
142605 | Abyss:5  | Reached skill level 10 in Hexes
142910 | Abyss:5  | Found a corrupted altar of Lugonu.
142974 | Abyss:5  | Tolias: oh you didn't finish pan?
142978 | Abyss:5  | ReeallyStein: Nah mang first ticket out
142978 | Abyss:5  | Tolias: got any runes out of it?
142978 | Abyss:5  | ReeallyStein: Cleared another panlords vault but no, Ill get back there later
143010 | Abyss:5  | Tolias: tomb is doable, just takes patience
143021 | Abyss:5  | Tolias: and a ring of sustab
143021 | Abyss:5  | ReeallyStein: Got the ring. Need to work on the patience
143024 | Abyss:5  | Tolias: pan is actually considered easier than abyss :d
143026 | Abyss:5  | ReeallyStein: what?
143026 | Abyss:5  | Tolias: yeah
143026 | Abyss:5  | ReeallyStein: Abyss is the easiest thing
143026 | Abyss:5  | ReeallyStein: For this char
143026 | Abyss:5  | Tolias: in abyss things can go very wrong, very quickly
143026 | Abyss:5  | Tolias: not to mention the mutations
143026 | Abyss:5  | ReeallyStein: Yeah these stars are awful
143026 | Abyss:5  | ReeallyStein: And the ice crabs with the chaos cloud is amazingly good at shutting me down
143040 | Abyss:5  | Tolias: and the starcursed masses can kill you in 10 turns
143042 | Abyss:5  | ReeallyStein: Ah well shining one takes care of those
143042 | Abyss:5  | ReeallyStein: cleansing flame. They all group togheter
143487 | Abyss:5  | Found an ancient bone altar of Kikubaaqudgha.
144965 | Abyss:5  | Paralysed by a giant eyeball for 2 turns
145649 | Abyss:5  | Paralysed by you for 5 turns
145663 | Abyss:5  | Was placed under penance by the Shining One
145787 | D:22     | Escaped the Abyss
147186 | D:22     | Voluntarily entered the Abyss.
147240 | Abyss:1  | Noticed an ancient lich
147259 | Abyss:1  | Killed an ancient lich
147372 | Abyss:1  | Paralysed by you for 3 turns
147424 | D:22     | Escaped the Abyss
147671 | D:22     | Voluntarily entered the Abyss.
148326 | D:22     | Escaped the Abyss
148772 | D:22     | Voluntarily entered the Abyss.
148816 | Abyss:1  | Got a shimmering crystal plate armour
148817 | Abyss:1  | Identified the +13 crystal plate armour "Imeym" {rF+ Str+1 Dam+6} (You acquired it on level 1 of the Abyss)
148892 | Abyss:1  | Found a corrupted altar of Lugonu.
149082 | Abyss:1  | Was forgiven by the Shining One
149166 | Abyss:1  | Found a corrupted altar of Lugonu.
149634 | Abyss:2  | Found a corrupted altar of Lugonu.
150064 | D:22     | Escaped the Abyss
150111 | D:22     | Voluntarily entered the Abyss.
150498 | Abyss:1  | Paralysed by you for 5 turns
150756 | Abyss:1  | Found a shattered altar of Ashenzari.
150796 | Abyss:1  | Found a shattered altar of Ashenzari.
151192 | Abyss:1  | Learned a level 1 spell: Summon Butterflies
151964 | Abyss:2  | Found a roughly hewn altar of Beogh.
152186 | Abyss:2  | Found a corrupted altar of Lugonu.
152368 | Abyss:2  | Reached skill level 15 in Translocations
152798 | Abyss:2  | Found a shimmering altar of Xom.
152886 | Abyss:2  | Found a shimmering altar of Xom.
155685 | D:22     | Escaped the Abyss
155692 | Hell     | Upgraded the game from 0.13-a0-2688-gfd9909a to 0.13-a0-2700-g8dc4729
155704 | D:22     | Voluntarily entered the Abyss.
155743 | Abyss:1  | Noticed an ancient lich
155753 | Abyss:1  | Killed an ancient lich
155813 | Abyss:1  | Paralysed by accursed screaming for 1 turns
156692 | Abyss:1  | Paralysed by accursed screaming for 1 turns
156947 | Abyss:1  | Paralysed by a giant eyeball for 4 turns
156999 | Abyss:1  | Found a corrupted altar of Lugonu.
157104 | Abyss:1  | Found a corrupted altar of Lugonu.
157433 | Abyss:1  | Reached skill level 1 in Earth Magic
157737 | Abyss:1  | Found a roughly hewn altar of Beogh.
158200 | Abyss:1  | Found a corrupted altar of Lugonu.
158251 | Abyss:1  | Found a corrupted altar of Lugonu.
158315 | Abyss:1  | Reached skill level 5 in Earth Magic
158465 | D:22     | Escaped the Abyss
158988 | Tomb:1   | Entered Level 1 of the Tomb of the Ancients
160535 | Tomb:3   | Entered Level 3 of the Tomb of the Ancients
161104 | Tomb:3   | Reached skill level 27 in Maces & Flails
161516 | Tomb:3   | Got an encrusted cloak
161517 | Tomb:3   | Identified the +0 cloak "Raar Egilem" {Dex+5 Int+2} (You acquired it on level 3 of the Tomb of the Ancients)
161757 | Tomb:3   | Got a golden rune of Zot
161839 | Tomb:3   | Tolias: hey you conqured Tomb
161839 | Tomb:3   | Tolias: nice :)
161839 | Tomb:3   | ReeallyStein: EZ :)
161839 | Tomb:3   | ReeallyStein: Look at that. +27
161844 | Tomb:3   | Tolias: it covers all armor slots
161844 | Tomb:3   | Tolias: except cloak I think
161844 | Tomb:3   | ReeallyStein: HAH!
161881 | Tomb:3   | Got a wavering copper ring
161882 | Tomb:3   | Identified the ring "Misch" {+/*Tele rF- Acc+6} (You found it on level 3 of the Tomb of the Ancients)
161884 | Tomb:3   | ReeallyStein: Might i need a stasis amu somewhere?
161902 | Tomb:3   | Got a warped ruby amulet
161903 | Tomb:3   | Identified the amulet "Asia" {rCorr rC+} (You found it on level 3 of the Tomb of the Ancients)
162493 | Hell     | ReeallyStein: So. First pan, then hell?
162500 | Hell     | Tolias: eh
162500 | Hell     | Tolias: maybe in hell
162500 | Hell     | Tolias: a rare hell effect is paralysis
162500 | Hell     | Tolias: did you get controlled blink
162500 | Hell     | ReeallyStein: What about uh, Mnoleg and the eyes?
162500 | Hell     | ReeallyStein: Oh yea, control blink online
162500 | Hell     | Tolias: you can get rid of the eyes with evokables I guess
162501 | Hell     | ReeallyStein: alright
162501 | Hell     | ReeallyStein: I think i got everything i might need for pan then
162508 | Pan      | Entered Pandemonium
162587 | Pan      | ReeallyStein: I'll just go down the portal til i get a message
162811 | Pan      | Noticed Caonlaikk the pandemonium lord
162849 | Pan      | Killed Caonlaikk the pandemonium lord
163418 | Pan      | Found a gateway to a ziggurat.
163741 | Pan      | Entered the realm of Gloorx Vloq.
163742 | Pan      | ReeallyStein: HERE WE GOO
163742 | Pan      | ReeallyStein: Gloorx
163743 | Pan      | ReeallyStein: Ah, ive spawned in his castle
163782 | Pan      | Noticed Gloorx Vloq
163802 | Pan      | Killed Gloorx Vloq
163808 | Pan      | ReeallyStein: k
163817 | Pan      | Reached skill level 27 in Fighting
163821 | Pan      | Got a dark rune of Zot
164017 | Pan      | Reached skill level 10 in Earth Magic
164061 | Pan      | Entered the realm of Cerebov.
164062 | Pan      | ReeallyStein: oh cerebov
164062 | Pan      | ReeallyStein: What do you think? Just teleport around, claim the rune and NOT fight him?
164071 | Pan      | Reached skill level 1 in Dodging
164102 | Pan      | Found an exit through the horrors of the Abyss.
164503 | Pan      | Noticed Cerebov
164504 | Pan      | ReeallyStein: OH
164532 | Pan      | Gained mutation: Armour fits poorly on your strangely shaped body. [a cacodemon]
164536 | Pan      | Killed Cerebov
164537 | Pan      | ReeallyStein: he ded
164545 | Pan      | Got a pitted silver ring
164551 | Pan      | Identified the Handbook of Igneous Boosts
164557 | Pan      | Identified the ring of Xacime {Hunger Str+2 Dex+4} (You found it in Pandemonium)
164879 | Pan      | Reached skill level 5 in Dodging
164946 | Pan      | Got a fiery rune of Zot
165173 | Pan      | Noticed Dyth the pandemonium lord
165186 | Pan      | Killed Dyth the pandemonium lord
165527 | Pan      | Gained mutation: Space occasionally distorts in your vicinity. [a neqoxec]
165533 | Pan      | Lost mutation: You are clumsy (Dex -2). [potion of cure mutation]
165533 | Pan      | Lost mutation: You are clumsy (Dex -1). [potion of cure mutation]
165533 | Pan      | Lost mutation: Armour fits poorly on your strangely shaped body. [potion of cure mutation]
165539 | Pan      | ReeallyStein: teleportitis shit
165602 | Pan      | Noticed Gha Vesu the pandemonium lord
165626 | Pan      | Killed Gha Vesu the pandemonium lord
165653 | D:21     | Escaped Pandemonium
165661 | Hell     | Lost mutation: Space occasionally distorts in your vicinity. [potion of cure mutation]
165675 | Pan      | Entered Pandemonium
166310 | Pan      | Noticed Jizitren the pandemonium lord
166327 | Pan      | Killed Jizitren the pandemonium lord
166466 | Pan      | Entered the realm of Lom Lobon.
166467 | Pan      | ReeallyStein: lom lobon
166637 | Pan      | Noticed Lom Lobon
166661 | Pan      | Killed Lom Lobon
166692 | Pan      | Got a magical rune of Zot
166898 | Pan      | Noticed Jismoq the pandemonium lord
166953 | Pan      | Killed Jismoq the pandemonium lord
167352 | Pan      | Entered the realm of Mnoleg.
167352 | Pan      | Noticed Mnoleg
167353 | Pan      | ReeallyStein: my god
167353 | Pan      | ReeallyStein: why
167353 | Pan      | Tolias: hehe
167357 | Pan      | Gained mutation: You are weak (Str -1). [a cacodemon]
167367 | Pan      | Gained mutation: Your flesh is heat resistant. [a neqoxec]
167368 | Pan      | Tolias: cleanse is awesome, no?
167368 | Pan      | ReeallyStein: sooo good
167368 | Pan      | Killed Mnoleg
167385 | Pan      | Got a glowing rune of Zot
167388 | Pan      | ReeallyStein: ok
167388 | Pan      | ReeallyStein: all unique lords are dead
167388 | Pan      | ReeallyStein: only the elusive random rune left
167388 | Pan      | ReeallyStein: and hell
167590 | Pan      | ReeallyStein: hey i got a good mute
167616 | Pan      | Tolias: rf is always good
167686 | Pan      | Got an ichor-stained cloak
167778 | Pan      | Got a demonic rune of Zot
167779 | Pan      | ReeallyStein: YES
167779 | Pan      | Noticed Atuemp the pandemonium lord
167786 | Pan      | Killed Atuemp the pandemonium lord
167830 | D:21     | Escaped Pandemonium
167836 | Hell     | ReeallyStein: Now. I've not read much about hell
167836 | Hell     | Tolias: take some restore pots with you in hell
167836 | Hell     | Tolias: also curing
167836 | Hell     | ReeallyStein: Ive got plenty
167837 | Hell     | Tolias: and scrolls of mapping
167837 | Hell     | Tolias: well you dive the first six levels
167837 | Hell     | Tolias: and use mapping on the 7th
167837 | Hell     | Tolias: and then I tell you where the boss is :p
167838 | Hell     | ReeallyStein: Only got 2 mappings left tho
167838 | Hell     | ReeallyStein: Which 2 got the strangest layout?
167838 | Hell     | Tolias: eh
167838 | Hell     | ReeallyStein: nope, just one scroll shit
167838 | Hell     | Tolias: probably tartarus and cocytus
167838 | Hell     | Identified the +0 cloak of Darkness {Dex+3 Int+3 Dam+3 Stlth++} (You found it in Pandemonium)
167919 | Tar:1    | Entered Level 1 of Tartarus
168058 | Tar:2    | Reached skill level 10 in Dodging
168587 | Tar:7    | Entered Level 7 of Tartarus
168627 | Tar:7    | ReeallyStein: So. Which complex?
168627 | Tar:7    | Tolias: eresh is in the room at the end of the big maze
168627 | Tar:7    | ReeallyStein: cool thanks
168627 | Tar:7    | Tolias: usually has a couple shadow fiends, reapers and shadow demons with er
168627 | Tar:7    | ReeallyStein: No hellfire :)
168680 | Tar:7    | ReeallyStein: contamination. Hell effect huh?
168752 | Tar:7    | Tolias: yeah
168803 | Tar:7    | Tolias: as for hellfire, there may be a few hellions
168805 | Tar:7    | ReeallyStein: damn
169000 | Tar:7    | Noticed Ereshkigal
169078 | Tar:7    | Killed Ereshkigal
169120 | Tar:7    | Got a bone rune of Zot
169837 | D:4      | Bought a scroll of magic mapping for 35 gold pieces
170077 | Orc:3    | Bought a scroll of magic mapping for 38 gold pieces
170077 | Orc:3    | Bought a scroll of recharging for 60 gold pieces
170077 | Orc:3    | Bought a scroll of recharging for 60 gold pieces
170077 | Orc:3    | Bought a scroll of magic mapping for 38 gold pieces
170709 | Coc:1    | Entered Level 1 of Cocytus
171676 | Coc:7    | Entered Level 7 of Cocytus
171874 | Coc:7    | Noticed the Serpent of Hell
171893 | Coc:7    | ReeallyStein: oh haha. thought it was simulacrum
171893 | Coc:7    | ReeallyStein: serpent of hell
171898 | Coc:7    | Killed the Serpent of Hell
171944 | Coc:7    | Tolias: careful in the central room
171945 | Coc:7    | ReeallyStein: ya
171945 | Coc:7    | ReeallyStein: lots of ice fiends i can imagine
171954 | Coc:7    | Tolias: it's antaeus plus four I believe
171961 | Coc:7    | ReeallyStein: four fiends?
171961 | Coc:7    | ReeallyStein: damn
171965 | Coc:7    | Tolias: use lamps of fire, they are vulnerable to it
171967 | Coc:7    | ReeallyStein: ok
172034 | Coc:7    | Noticed Antaeus
172076 | Coc:7    | Killed Antaeus
172102 | Coc:7    | ReeallyStein: lucked out on the ai
172165 | Coc:7    | Got an icy rune of Zot
172184 | Coc:7    | ReeallyStein: oh lol
172261 | Geh:1    | Entered Level 1 of Gehenna
172668 | Geh:7    | Entered Level 7 of Gehenna
172711 | Geh:7    | Tolias: asmo is either to the left or the right
172711 | Geh:7    | ReeallyStein: Alright
172711 | Geh:7    | ReeallyStein: there are 3 rooms in each. Random?
172711 | Geh:7    | Tolias: the middle
172711 | Geh:7    | ReeallyStein: Great. Tele it is
172711 | Geh:7    | ReeallyStein: no wait
172711 | Geh:7    | ReeallyStein: haha ctele
172711 | Geh:7    | ReeallyStein: -
172723 | Geh:7    | Tolias: you can a few random teleports
172724 | Geh:7    | ReeallyStein: Nah ill manage
172992 | Geh:7    | Noticed Asmodeus
173020 | Geh:7    | Killed Asmodeus
173058 | Geh:7    | Got a smoking marble ring
173060 | Geh:7    | Got an obsidian rune of Zot
173063 | Geh:7    | Identified the ring "Fott" {rF- MR Str+4} (You found it on level 7 of Gehenna)
173166 | Dis:1    | Entered Level 1 of the Iron City of Dis
173865 | Dis:7    | Entered Level 7 of the Iron City of Dis
174159 | Dis:7    | Reached skill level 27 in Invocations
174391 | Dis:7    | ReeallyStein: Must be in here right
174476 | Dis:7    | Noticed Dispater
174511 | Dis:7    | Killed Dispater
174517 | Dis:7    | ReeallyStein: ahh feels good man
174534 | Dis:7    | Tolias: got em all?
174537 | Dis:7    | ReeallyStein: its here tho
174549 | Dis:7    | Got an iron rune of Zot
174550 | Dis:7    | ReeallyStein: there we go
175490 | Zot:5    | Entered Level 5 of the Realm of Zot
175646 | Zot:5    | Reached skill level 15 in Dodging
175649 | Zot:5    | Noticed an ancient lich
175652 | Zot:5    | Killed an ancient lich
175750 | Zot:5    | Noticed an ancient lich
175764 | Zot:5    | Killed an ancient lich
175779 | Zot:5    | Noticed an orb of fire
175781 | Zot:5    | Noticed an orb of fire
175791 | Zot:5    | Killed an orb of fire
175807 | Zot:5    | Killed an orb of fire
175943 | Zot:5    | Got the Orb of Zot
176012 | Zot:5    | Noticed Webrabb the pandemonium lord
176258 | D:22     | Noticed Emour the pandemonium lord
176299 | D:19     | Noticed Frigoho the pandemonium lord
176392 | D:16     | Noticed Fomaid the pandemonium lord
176662 | D:1      | Gruud: congrats
176663 | D:1      | ReeallyStein: WOOO
176663 | D:1      | ReeallyStein: second win
176663 | D:1      | Tolias: well played :]
176663 | D:1      | ReeallyStein: 15 runes this time :)
176663 | D:1      | ReeallyStein: Thanks so much for the help Tolias!
176663 | D:1      | Tolias: np
176664 | D:$      | Escaped with the Orb!

Action                   |  1- 3 |  4- 6 |  7- 9 | 10-12 | 13-15 | 16-18 | 19-21 | 22-24 | 25-27 || total
-------------------------+-------+-------+-------+-------+-------+-------+-------+-------+-------++-------
Melee: Mace              |   106 |   182 |       |       |       |       |       |       |       ||   288
       Flail             |       |     9 |   435 |  1354 |  1711 |   154 |    10 |       |  1769 ||  5442
       Whip              |       |       |    51 |       |       |       |       |       |       ||    51
       Morningstar       |       |       |       |       |   876 |  2433 |  2442 |   469 |  1367 ||  7587
       Eveningstar       |       |       |       |       |       |   135 |    85 |  2178 |       ||  2398
       Demon whip        |       |       |       |       |       |       |   164 |       |       ||   164
       Unarmed           |       |       |       |       |       |       |       |    11 |       ||    11
       Sacred scourge    |       |       |       |       |       |       |       |       | 18169 || 18169
Throw: Javelin           |       |    18 |    62 |    89 |    34 |       |       |       |       ||   203
       Stone             |       |       |    29 |    10 |    46 |       |       |       |       ||    85
 Cast: Haste             |       |       |       |       |       |       |       |       |    85 ||    85
       Swiftness         |       |       |       |       |       |       |       |       |    47 ||    47
       Apportation       |       |       |       |       |       |       |       |       |    38 ||    38
       Silence           |       |       |       |       |       |       |       |       |    17 ||    17
       Control Teleport  |       |       |       |       |       |       |       |       |     8 ||     8
       Dig               |       |       |       |       |       |       |       |       |     2 ||     2
       Controlled Blink  |       |       |       |       |       |       |       |       |     2 ||     2
       Repel Missiles    |       |       |       |       |       |       |       |       |     2 ||     2
Invok: Heroism           |       |       |     9 |     9 |    38 |    20 |    20 |     8 |     9 ||   113
       Finesse           |       |       |       |       |       |     3 |     5 |     3 |       ||    11
       Cleansing Flame   |       |       |       |       |       |       |       |       |   136 ||   136
       Summon Divine War |       |       |       |       |       |       |       |       |    56 ||    56
       Divine Shield     |       |       |       |       |       |       |       |       |     1 ||     1
 Abil: Fly               |       |       |       |       |     1 |       |     1 |       |     1 ||     3
       Stop Flying       |       |       |       |       |       |       |     1 |       |     1 ||     2
Evoke: Wand              |       |       |       |     4 |    15 |     7 |     5 |    13 |    36 ||    80
       Miscellaneous     |       |       |       |       |       |       |     5 |     7 |    28 ||    40
  Use: Scroll            |       |     5 |     2 |    11 |    19 |    12 |     8 |    23 |   137 ||   217
       Potion            |       |     2 |     1 |     1 |    17 |     4 |    10 |       |    37 ||    72
 Stab: Paralysed         |       |       |       |       |     3 |       |       |       |     1 ||     4
       Invisible         |       |       |       |       |     8 |     4 |       |       |       ||    12
       Fleeing           |       |       |       |       |     2 |       |     1 |     1 |     2 ||     6
       Held in net/web   |       |       |       |       |       |       |       |     1 |       ||     1
       Distracted        |       |       |       |       |       |       |       |       |    64 ||    64
       Petrifying        |       |       |       |       |       |       |       |       |     1 ||     1
